Workbook
Name _tot1: [1]PLANILHA!#REF!
Name _tot1: [1]PLANILHA!#REF!
Name _tot1: [1]PLANILHA!#REF!
Name _tot1: [1]PLANILHA!#REF!
Name bdi: [1]PLANILHA!$H$123
Name cliente: #REF!
Name cliente: #REF!
Name cliente: #REF!
Name ctdireto: #REF!
Name ctdireto: #REF!
Name ctdireto: #REF!
Name ctindireto: #REF!
Name ctindireto: #REF!
Name ctindireto: #REF!
Name data: #REF!
Name data: #REF!
Name data: #REF!
Name Excel_BuiltIn__FilterDatabase: #REF!
Name Excel_BuiltIn__FilterDatabase: #REF!
Name Excel_BuiltIn__FilterDatabase: #REF!
Name Excel_BuiltIn_Print_Area_1: #REF!
Name Excel_BuiltIn_Print_Area_1: #REF!
Name Excel_BuiltIn_Print_Area_1: #REF!
Name Excel_BuiltIn_Print_Area_1_1: #REF!
Name Excel_BuiltIn_Print_Area_1_1: #REF!
Name Excel_BuiltIn_Print_Area_1_1: #REF!
Name Excel_BuiltIn_Print_Area_2: #REF!
Name Excel_BuiltIn_Print_Area_2: #REF!
Name Excel_BuiltIn_Print_Area_2: #REF!
Name Excel_BuiltIn_Print_Area_3: #REF!
Name Excel_BuiltIn_Print_Area_3: #REF!
Name Excel_BuiltIn_Print_Area_3: #REF!
Name Excel_BuiltIn_Print_Area_4: #REF!
Name Excel_BuiltIn_Print_Area_4: #REF!
Name Excel_BuiltIn_Print_Area_4: #REF!
Name Excel_BuiltIn_Print_Area_4_1: #REF!
Name Excel_BuiltIn_Print_Area_4_1: #REF!
Name Excel_BuiltIn_Print_Area_4_1: #REF!
Name Excel_BuiltIn_Print_Titles_1: #REF!
Name Excel_BuiltIn_Print_Titles_1: #REF!
Name Excel_BuiltIn_Print_Titles_1: #REF!
Name Excel_BuiltIn_Print_Titles_1_1: (#REF!,#REF!)
Name Excel_BuiltIn_Print_Titles_1_1: (#REF!,#REF!)
Name Excel_BuiltIn_Print_Titles_1_1: (#REF!,#REF!)
Name local: #REF!
Name local: #REF!
Name local: #REF!
Name nomeobra: #REF!
Name nomeobra: #REF!
Name nomeobra: #REF!
Name obra: #REF!
Name obra: #REF!
Name obra: #REF!
Name ORGAO: [1]PLANILHA!$C$2
Name ref: #REF!
Name ref: #REF!
Name ref: #REF!
Name SERV1: [1]PLANILHA!$C$9
Name SERV10: [1]PLANILHA!$C$54
Name SERV11: [1]PLANILHA!$C$59

Sheet Cronog original
A7: TOMADA DE PREÇO Nº 001/2020 - CRONOGRAMA FÍSICO - FINANCEIRO | Q7: =100/16 -> 6.25
A8: OBJETO: CONTRATAÇÃO DE SERVIÇOS TÉCNICOS ESPECIALIZADOS PARA ELABORAÇÃO DE PROJETOS EXECUTIVOS , DA 1ª DR VITÓRIA NO MUNICÍPIO DE VITÓRIA/ES.
A9: ITEM | B9: SERVIÇO | C9: VALORES DO ITEM | E9: EVOLUÇÃO DOS SERVIÇOS
C10: R$ | D10: % | E10: 1º Mês | F10: 2º Mês | G10: 3º Mês | H10: 4º Mês | I10: 5º Mês | J10: 6º Mês | K10: 7º Mês | L10: 8º Mês | M10: 9º Mês | N10: 10º Mês | O10: 11º Mês | P10: 12º Mês
A12: 1 | B12: SERVIÇOS INICIAIS | C12: =Contrato!H7+Contrato!H8+Contrato!H9+Contrato!H10+Contrato!H11 -> 24870.434 | D12: =C12/C$21 -> 0.27711196 | E12: =ROUND(E13*$C$12,2) -> 22383.39 | F12: =ROUND(F13*$C$12,2) -> 1243.52 | G12: =ROUND(G13*$C$12,2)-0.01 -> 1243.51 | H12: =ROUND(H13*$C$12,2)+0.01 -> 0.01 | I12: =ROUND(I13*$C$12,2) -> 0 | J12: =ROUND(J13*$C$12,2) -> 0 | K12: =ROUND(K13*$C$12,2) -> 0 | L12: =ROUND(L13*$C$12,2) -> 0 | M12: =ROUND(M13*$C$12,2) -> 0 | N12: =ROUND(N13*$C$12,2) -> 0 | O12: =ROUND(O13*$C$12,2) -> 0 | P12: =ROUND(P13*$C$12,2) -> 0 | Q12: =SUM(E12:P12) -> 24870.43 | R12: =Q12-C12 -> -0.004
E13: 0.9 | F13: 0.05 | G13: 0.05 | Q13: =SUM(E13:P13) -> 1 | R13: =Q13-C13 -> 1
A14: 2 | B14: PROJETOS | C14: =SUM(Contrato!H13:H22) -> 45012.75 | D14: =C14/C$21 -> 0.50154217 | E14: =ROUND(E15*$C$14,2) -> 2250.64 | F14: =ROUND(F15*$C$14,2) -> 2250.64 | G14: =ROUND(G15*$C$14,2) -> 4501.28 | H14: =ROUND(H15*$C$14,2) -> 4501.28 | I14: =ROUND(I15*$C$14,2) -> 6751.91 | J14: =ROUND(J15*$C$14,2) -> 9002.55 | K14: =ROUND(K15*$C$14,2) -> 9002.55 | L14: =ROUND(L15*$C$14,2) -> 4501.28 | M14: =ROUND(M15*$C$14,2)-0.02 -> 2250.62 | N14: =ROUND(N15*$C$14,2) -> 0 | O14: =ROUND(O15*$C$14,2) -> 0 | P14: =ROUND(P15*$C$14,2) -> 0 | Q14: =SUM(E14:P14) -> 45012.75 | R14: =Q14-C14 -> 0
E15: 0.05 | F15: 0.05 | G15: 0.1 | H15: 0.1 | I15: 0.15 | J15: 0.2 | K15: 0.2 | L15: 0.1 | M15: 0.05 | Q15: =SUM(E15:P15) -> 1 | R15: =Q15-C15 -> 1
A16: 3 | B16: PLANILHA ORÇAMENTÁRIA | C16: =Contrato!H24 -> 3547.5 | D16: =C16/C$21 -> 0.039527042 | E16: =ROUND(E17*$C$16,2) -> 0 | F16: =ROUND(F17*$C$16,2) -> 0 | G16: =ROUND(G17*$C$16,2) -> 0 | H16: =ROUND(H17*$C$16,2) -> 0 | I16: =ROUND(I17*$C$16,2) -> 0 | J16: =ROUND(J17*$C$16,2) -> 0 | K16: =ROUND(K17*$C$16,2) -> 0 | L16: =ROUND(L17*$C$16,2) -> 0 | ... P16: =ROUND(P17*$C$16,2) -> 354.75 | Q16: =SUM(E16:P16) -> 3547.5 | R16: =Q16-C16 -> 0
N17: 0.5 | O17: 0.4 | P17: 0.1 | Q17: =SUM(E17:P17) -> 1 | R17: =Q17-C17 -> 1
A18: 5 | B18: DESPESAS GERAIS | C18: =Contrato!H26 -> 16318 | D18: =C18/C$21 -> 0.18181882 | E18: =ROUND(E19*$C$18,2) -> 1360.92 | F18: =ROUND(F19*$C$18,2) -> 1360.92 | G18: =ROUND(G19*$C$18,2) -> 1360.92 | H18: =ROUND(H19*$C$18,2) -> 1360.92 | I18: =ROUND(I19*$C$18,2) -> 1359.29 | J18: =ROUND(J19*$C$18,2) -> 1359.29 | K18: =ROUND(K19*$C$18,2) -> 1359.29 | L18: =ROUND(L19*$C$18,2) -> 1359.29 | ... P18: =ROUND(P19*$C$18,2) -> 1359.29 | Q18: =SUM(E18:P18) -> 16318 | R18: =Q18-C18 -> 0
E19: 0.0834 | F19: 0.0834 | G19: 0.0834 | H19: 0.0834 | I19: 0.0833 | J19: 0.0833 | K19: 0.0833 | L19: 0.0833 | M19: 0.0833 | N19: 0.0833 | O19: 0.0833 | P19: 0.0833 | Q19: =SUM(E19:P19) -> 1 | R19: =Q19-C19 -> 1
B21: TOTAL GERAL | C21: =SUM(C12:C19) -> 89748.684 | D21: =ROUND(SUM(D11:D19),2) -> 1
B22: VALOR DO SERVIÇO EXECUTADO NO MÊS | D22: R$ | E22: =E12+E14+E16+E18 -> 25994.95 | F22: =F12+F14+F16+F18 -> 4855.08 | G22: =G12+G14+G16+G18 -> 7105.71 | H22: =H12+H14+H16+H18 -> 5862.21 | I22: =I12+I14+I16+I18 -> 8111.2 | J22: =J12+J14+J16+J18 -> 10361.84 | K22: =K12+K14+K16+K18 -> 10361.84 | L22: =L12+L14+L16+L18 -> 5860.57 | ... P22: =P12+P14+P16+P18 -> 1714.04
C23: PORCENTAGEM | D23: % | E23: =E22/$C$21 -> 0.28964157 | F23: =F22/$C$21 -> 0.054096392 | G23: =G22/$C$21 -> 0.079173417 | H23: =H22/$C$21 -> 0.065318061 | I23: =I22/$C$21 -> 0.090376813 | J23: =J22/$C$21 -> 0.11545395 | K23: =K22/$C$21 -> 0.11545395 | L23: =L22/$C$21 -> 0.065299788 | ... P23: =P22/$C$21 -> 0.019098219
C24: VALOR ACUMULADO DOS SERVIÇOS EXECUTADOS | D24: R$ | E24: =E22 -> 25994.95 | F24: =E24+F22 -> 30850.03 | G24: =F24+G22 -> 37955.74 | H24: =G24+H22 -> 43817.95 | I24: =H24+I22 -> 51929.15 | J24: =I24+J22 -> 62290.99 | K24: =J24+K22 -> 72652.83 | L24: =K24+L22 -> 78513.4 | M24: =L24+M22 -> 82123.31 | ... P24: =O24+P22 -> 89748.68
C25: PORCENTAGEM ACUMULADO | D25: % | E25: =E24/$C$21 -> 0.28964157 | F25: =F24/$C$21 -> 0.34373797 | G25: =G24/$C$21 -> 0.42291138 | H25: =H24/$C$21 -> 0.48822944 | I25: =I24/$C$21 -> 0.57860626 | J25: =J24/$C$21 -> 0.6940602 | K25: =K24/$C$21 -> 0.80951415 | L25: =L24/$C$21 -> 0.87481394 | ... P25: =P24/$C$21 -> 0.99999996

Sheet Contrato
C1: CONTRATAÇÃO DE SERVIÇOS TÉCNICOS ESPECIALIZADOS PARA ELABORAÇÃO DE PROJETOS EXECUTIVOS , DA 1ª DR VITÓRIA NO MUNICÍPIO DE VITÓRIA/ES TOMADA DE PREÇO Nº 001/2020
A2: PLANILHA ORÇAMENTÁRIA DE PREÇOS UNITÁRIOS
G3: SEP 88970604 | N3: =M11-L11 -> 3.3
A4: ITENS | B4: FONTE | C4: CÓDIGO | D4: DESCRIÇÃO DO SERVIÇO | E4: UND. | F4: QUANT. | G4: P. UNITÁRIO | H4: PREÇO TOTAL
G5: (R$) | H5: (R$)
A6: 1 | D6: SERVIÇOS INICIAIS
A7: 01.01 | B7: DER | C7: TP 2020/2 | D7: Levantamento Cadastral de Arquitetura e Complementares | E7: m² | F7: 750 | G7: 9.71 | H7: =G7*F7 -> 7282.5 | J7: 750 | K7: 16.19 | L7: 12142.5 | M7: =J7*K7 -> 12142.5 | N7: =5/100 -> 0.05
A8: 01.02 | B8: DER (5) | C8: 10512 | D8: Equipe topográfica para serviços simples de locação e nivelamento (incluindo equipamento, transporte e profissionais nivel médio) | E8: mês | F8: 0.2 | G8: 17799.07 | H8: =G8*F8 -> 3559.814 | J8: 0.2 | K8: 17799.07 | L8: 3559.81 | M8: =J8*K8 -> 3559.814 | N8: =5/100 -> 0.05
A9: 01.03 | B9: DER (5) | C9: 99579 | D9: Mobilização e desmobilização de equipe e equipamento de sondagem SPT, inclusive deslocamento na Grande Vitória | E9: und | F9: 1 | G9: 1536.62 | H9: =G9*F9 -> 1536.62 | J9: 1 | K9: 1617.49 | L9: 1617.49 | M9: =J9*K9 -> 1617.49 | N9: =5/100 -> 0.05 | O9: =K9*N9 -> 80.8745 | P9: =K9-O9 -> 1536.6155
A10: 01.04 | B10: DER (5) | C10: 99587 | D10: Sondagem de simples reconhecimento tipo SPT, incl. deslocamento local do equipamento até 500 m | E10: m | F10: 50 | G10: 117.98 | H10: =G10*F10 -> 5899 | J10: 50 | K10: 124.19 | L10: 6209.58 | M10: =J10*K10 -> 6209.5 | N10: =5/100 -> 0.05 | O10: =K10*N10 -> 6.2095 | P10: =K10-O10 -> 117.9805
A11: 01.05 | B11: SCORIO (6) | C11: SE 35.05.0700 (B) | D11: Servicos de elaboração de vistorias, laudos tecnicos, atestando as condições da Edificação, quanto a Estabilidade, Salubridade e Habitabilidade. | E11: m² | F11: 750 | G11: 8.79 | H11: =G11*F11 -> 6592.5 | J11: 750 | K11: 9.25 | L11: 6934.2 | M11: =J11*K11 -> 6937.5 | N11: =5/100 -> 0.05 | O11: =K11*N11 -> 0.4625 | P11: =K11-O11 -> 8.7875
A12: 2 | D12: PROJETOS | N12: =5/100 -> 0.05 | O12: =K12*N12 -> 0 | P12: =K12-O12 -> 0
A13: 02.01 | B13: IOPES (2) | D13: Projeto Arquitetônico de Regularização, Reforma e Ampliação | E13: m2 | F13: 750 | G13: 16.04 | H13: =G13*F13 -> 12030 | J13: 750 | K13: 22.92 | L13: 17190 | M13: =J13*K13 -> 17190 | N13: =5/100 -> 0.05 | O13: =K13*N13 -> 1.146 | P13: =K13-O13 -> 21.774
A14: 02.02 | B14: IOPES (2) | D14: Projeto Estrutural , inclusive Fundação | E14: m2 | F14: 750 | G14: 13.25 | H14: =G14*F14 -> 9937.5 | J14: 750 | K14: 13.95 | L14: 10462.5 | M14: =J14*K14 -> 10462.5 | N14: =5/100 -> 0.05 | O14: =K14*N14 -> 0.6975 | P14: =K14-O14 -> 13.2525
A15: 02.03 | B15: IOPES (2) | D15: Projeto Hidrossanitário (água, esgoto, pluvial) | E15: m2 | F15: 750 | G15: 8.2 | H15: =G15*F15 -> 6150 | J15: 750 | K15: 8.63 | L15: 6472.5 | M15: =J15*K15 -> 6472.5 | N15: =5/100 -> 0.05 | O15: =K15*N15 -> 0.4315 | P15: =K15-O15 -> 8.1985
A16: 02.04 | B16: IOPES (2) | D16: Projeto Elétrico | E16: m2 | F16: 750 | G16: 8.86 | H16: =G16*F16 -> 6645 | J16: 750 | K16: 9.33 | L16: 6997.5 | M16: =J16*K16 -> 6997.5 | N16: =5/100 -> 0.05 | O16: =K16*N16 -> 0.4665 | P16: =K16-O16 -> 8.8635
A17: 02.05 | B17: IOPES (2) | D17: Projeto de cabeamento Estruturado (Voz, dados e som) | E17: m2 | F17: 750 | G17: 4.44 | H17: =G17*F17 -> 3330 | J17: 750 | K17: 4.67 | L17: 3502.5 | M17: =J17*K17 -> 3502.5 | N17: =5/100 -> 0.05 | O17: =K17*N17 -> 0.2335 | P17: =K17-O17 -> 4.4365
A18: 02.06 | B18: IOPES (2) | D18: Projeto de Prevenção de Combate a Incêndio | E18: m2 | F18: 750 | G18: 2.25 | H18: =G18*F18 -> 1687.5 | J18: 750 | K18: 2.37 | L18: 1777.5 | M18: =J18*K18 -> 1777.5 | N18: =5/100 -> 0.05 | O18: =K18*N18 -> 0.1185 | P18: =K18-O18 -> 2.2515
A19: 02.07 | B19: IOPES (2) | D19: Projeto de Climatização | E19: m2 | F19: 750 | G19: 3.58 | H19: =G19*F19 -> 2685 | J19: 750 | K19: 3.77 | L19: 2827.5 | M19: =J19*K19 -> 2827.5 | N19: =5/100 -> 0.05 | O19: =K19*N19 -> 0.1885 | P19: =K19-O19 -> 3.5815
A20: 02.08 | B20: IOPES (2) | D20: Projeto SPDA | E20: m2 | F20: 425 | G20: 2.25 | H20: =G20*F20 -> 956.25 | J20: 425 | K20: 2.37 | L20: 1007.25 | M20: =J20*K20 -> 1007.25 | N20: =5/100 -> 0.05 | O20: =K20*N20 -> 0.1185 | P20: =K20-O20 -> 2.2515
A21: 02.09 | B21: IOPES (2) | D21: Projeto Urbanístico e Paisagístico | E21: m2 | F21: 300 | G21: 3.48 | H21: =G21*F21 -> 1044 | J21: 300 | K21: 3.66 | L21: 1098 | M21: =J21*K21 -> 1098 | N21: =5/100 -> 0.05 | O21: =K21*N21 -> 0.183 | P21: =K21-O21 -> 3.477
A22: 02.10 | B22: IOPES (2) | D22: Projeto de Alarme e CFTV | E22: m2 | F22: 250 | G22: 2.19 | H22: =G22*F22 -> 547.5 | J22: 250 | K22: 2.31 | L22: 577.5 | M22: =J22*K22 -> 577.5 | N22: =5/100 -> 0.05 | O22: =K22*N22 -> 0.1155 | P22: =K22-O22 -> 2.1945
A23: 3 | D23: ORÇAMENTO | M23: =J23*K23 -> 0 | N23: =5/100 -> 0.05 | O23: =K23*N23 -> 0 | P23: =K23-O23 -> 0
A24: 03.01 | B24: IOPES (2) | D24: Planilha Orçamentária (PLANILHA DE QUANTITATIVOS, MEMÓRIA DE CALCULO, COMPOSIÇÕES DE CUSTOS, CRONOGRAMA FÍSICO-FINANCEIRO E COTAÇÕES DE PREÇOS) | E24: m2 | F24: 750 | G24: 4.73 | H24: =G24*F24 -> 3547.5 | J24: 750 | K24: 4.73 | L24: 3547.5 | M24: =J24*K24 -> 3547.5 | N24: =5/100 -> 0.05 | O24: =K24*N24 -> 0.2365 | P24: =K24-O24 -> 4.4935
A25: 4 | D25: DESPESAS GERAIS - K2 (INCLUSO DESPESAS LEGAIS) | N25: =5/100 -> 0.05 | O25: =K25*N25 -> 0 | P25: =K25-O25 -> 0
A26: 04.01 | B26: MERCADO (3) | D26: Despesas Gerais - K2 - De acordo TAC | E26: und | F26: 100 | G26: 163.18 | H26: =G26*F26 -> 16318 | J26: 100 | K26: 163.18 | L26: 16318 | M26: =J26*K26 -> 16318 | N26: =5/100 -> 0.05 | O26: =K26*N26 -> 8.159 | P26: =K26-O26 -> 155.021
A27: Total Geral | H27: =SUM(H7:H26) -> 89748.684 | M27: =SUM(M7:M26) -> 102245.05
A28: OBS.: | M28: =M27-H27 -> 12496.37
A29: 1) BDI serviços Terceirizados: | D29: 0.1557 | J29: R$ 89.748,68 (Oitenta e nove mil setecentos e quarenta e oito reais e sessenta e oito centavos), | M29: 102241.83
A30: Conforme RESOLUÇÃO TC Nº 329, DE 24 DE SETEMBRO DE 2019 para o percentual de BDI diferenciado para aquisição de materiais e equipamentos
A31: 2) Preço praticado em TABELA REFERENCIAL DE PREÇOS DE PROJETOS Edição 2018 Revisão 00 PROJETO DE DELEGACIAS DE POLÍCIA (preço de venda já incluso o BDI).
A32: 3) Preços Adotados:
A33: 3.1) Foram adotados preços de mercado, conforme mapa de preços, nos casos da ausência do insumo ou serviços nas tabelas de referência.
A34: 4) Encargos Sociais: Variáveis, conforme apropriação da mão de obra (horista/mensalista), limitado aos percentuais adotados nas respectivas tabelas de referência.
A35: 5) Preço de tabela do DER acrescido do BDI (1). | J35: =SUM(H7:H26) -> 89748.684
A36: 6) Preço de tabela do SCORIO acrescido do BDI (1).
A37: 7) k2 - Despesas Gerais de acordo com o TAC - Termo de Ajustamento de Conduta

Sheet 24ª MEDIÇÃO -OUT 2025
B1: GOVERNO DO ESTADO DO ESPÍRITO SANTO POLÍCIA CIVIL/ES
G2: PRAZO VIGÊNCIA
B3: PLANILHA DE MEDIÇÃO - ULTIMA | G3: 36 meses | H3: 46092
A4: Objeto: CONTRATO de PRESTAÇÃO DE SERVIÇOS DE REFORMA PREDIAL, NO TÉRREO E 1º ANDAR - PRÉDIO CENTRAL 02 - POLÍCIA CIVIL – PCES, COM FORNECIMENTO DE MÃO-DE-OBRA E MATERIAIS. | G4: PERÍODO | H4: 01/10/2025 a 27/10/2025
A5: CONTRATADA : VILLA CONSTRUTORA LTDA | D5: Valor Contratual R$ | F5: =[2]Plan1!$H$681 -> 3360294.4 | G5: EXECUTADOS ACUMULADOS
A6: LOCAL: Avenida Nossa Senhora da Penha, nº. 2.290, Santa Luiza, Vitória - ES
A7: Itens | B7: Discriminação | C7: Unid | D7: Qtde | E7: Valor Unitário | F7: Total | G7: Qt | H7: Preço total | I7: %
A9: 01 | B9: INSTALAÇÃO DO CANTEIRO DE OBRAS | I9: =IF(F9=0,0,H9/F9) -> 0
A10: 010101 | B10: Placa de obra nas dimensões de 2.0 x 4.0 m, padrão DER | C10: m2 | D10: 8 | E10: 334.13 | F10: =ROUND((D10*E10),2) -> 2673.04 | G10: 8 | H10: 2673.04 | I10: =IF(F10=0,0,H10/F10) -> 1
A11: 010102 | B11: Tapume de chapa de aço galvanizado Nr.26 USG, pintada, com 2.0m de altura, considerando utilização de 2 vezes (com requadro de madeira 2.5 x 5.0 cm e pontalete 8 x 8 cm a cada 1m)(com utilização 2 vezes da madeira) | C11: m | D11: 112.5 | E11: 271.21 | F11: =ROUND((D11*E11),2) -> 30511.13 | G11: 112.5 | H11: 30511.13 | I11: =IF(F11=0,0,H11/F11) -> 1
A12: 010103 | B12: Aluguel mensal container para escritório, sem banheiro, dim. 6.00x2.40m, incl. porta, 2 janelas, abert p/ ar cond., 2 pt iluminação, 2 tomadas elét. e 1 tomada telef. Isolamento térmico (teto e paredes), piso em comp. Naval, cert | C12: mês | D12: 24 | E12: 1213.54 | F12: =ROUND((D12*E12),2) -> 29124.96 | G12: 24 | H12: 29124.96 | I12: =IF(F12=0,0,H12/F12) -> 1
A13: 010104 | B13: Mobilização e desmobilização de conteiner locado para barracão de obra | C13: und | D13: 5 | E13: 1736.59 | F13: =ROUND((D13*E13),2) -> 8682.95 | G13: 5 | H13: 8682.95 | I13: =IF(F13=0,0,H13/F13) -> 1
A14: 010105 | B14: Aluguel mensal container para refeitorio, incl. porta, 2 janelas, abert p/ ar cond., 2 pt iluminação, 2 tomadas elét. e 1 tomada telef. Isolamento térmico (paredes e teto), piso em comp. Naval pintado, cert. NR18, incl. laudo des | C14: ms | D14: 24 | E14: 1240.42 | F14: =ROUND((D14*E14),2) -> 29770.08 | G14: 24 | H14: 29770.08 | I14: =IF(F14=0,0,H14/F14) -> 1
A15: 010106 | B15: Aluguel mensal container para vestiário, incl. porta, venezianas de circulação, 1 pt iluminação, Isolamento térmico (teto), piso em comp. Naval pintado, cert. NR18, incl. laudo descontaminação. | C15: ms | D15: 24 | E15: 880.7 | F15: =ROUND((D15*E15),2) -> 21136.8 | G15: 24 | H15: 21136.8 | I15: =IF(F15=0,0,H15/F15) -> 1
A16: 010107 | B16: Aluguel mensal container sanitário, incl porta, básc, 2 ptos luz, 1 pto aterram., 3vasos, 3lavatórios, calha mictório, 6 chuveiros (1 eletrico), torn.,registros, piso comp. Naval pintado, cert NR18 e laudo descontaminação | C16: ms | D16: 24 | E16: 1281.77 | F16: =ROUND((D16*E16),2) -> 30762.48 | G16: 24 | H16: 30762.48 | I16: =IF(F16=0,0,H16/F16) -> 1
A17: 010108 | B17: Aluguel mensal container para almoxarifado, incl. porta, 2 janelas, 1 pt iluminação, Isolamento térmico (teto), piso em comp. Naval pintado, cert. NR18, incl. laudo descontaminação. | C17: ms | D17: 24 | E17: 880.7 | F17: =ROUND((D17*E17),2) -> 21136.8 | G17: 24 | H17: 21136.8 | I17: =IF(F17=0,0,H17/F17) -> 1
A18: 010109 | B18: Retirada e recolocação de Tapume de chapa de aço galvanizado h=2,00m, incl. recomposição do requadro em estrutura de madeira e acessórios de fixação, exclusive chapa | C18: m2 | D18: 50 | E18: 81.96 | F18: =ROUND((D18*E18),2) -> 4098 | G18: 50 | H18: 4098 | I18: =IF(F18=0,0,H18/F18) -> 1
A19: 010110 | B19: Cercas de isolamento cor laranja, h=1.20m, fixada em pontaletes de madeira e base em concreto a cada 3m (considerando 2 utilizações) | C19: m | D19: 100 | E19: 8.72 | F19: =ROUND((D19*E19),2) -> 872 | G19: 100 | H19: 872 | I19: =IF(F19=0,0,H19/F19) -> 1
A20: 010111 | B20: Locação de andaime metálico para fachada - tipo torre (aluguel mensal) | C20: m | D20: 288 | E20: 15.92 | F20: =ROUND((D20*E20),2) -> 4584.96 | G20: 288 | H20: 4584.96 | I20: =IF(F20=0,0,H20/F20) -> 1
B21: SUB TOTAL 01 | F21: =SUM(F10:F20) -> 183353.2 | G21: 0 | H21: 183353.2 | I21: =IF(F21=0,0,H21/F21) -> 1
G22: 0 | I22: =IF(F22=0,0,H22/F22) -> 0
A23: 2 | B23: REFORMA E ADEQUAÇÕES PREDIAIS - 1º ANDAR | F23: =ROUND((D23*E23),2) -> 0 | G23: 0 | H23: 0 | I23: =IF(F23=0,0,H23/F23) -> 0
A24: 01 | B24: SERVIÇOS PRELIMINARES
A25: 010101 | B25: Demolição de piso revestido com cerâmica | C25: m2 | D25: 360 | E25: 13.97 | F25: =ROUND((D25*E25),2) -> 5029.2 | G25: 360.003 | H25: 5029.2019 | I25: =IF(F25=0,0,H25/F25) -> 1.0000004
A26: 010102 | B26: Demolição de revestimento com azulejos | C26: m2 | D26: 126 | E26: 49.9 | F26: =ROUND((D26*E26),2) -> 6287.4 | G26: 126.0021 | H26: 6287.4048 | I26: =IF(F26=0,0,H26/F26) -> 1.0000008
A27: 010103 | B27: Retirada de revestimento antigo em reboco | C27: m2 | D27: 1175 | E27: 9.98 | F27: =ROUND((D27*E27),2) -> 11726.5 | G27: 1175 | H27: 11726.5 | I27: =IF(F27=0,0,H27/F27) -> 1
A28: 010104 | B28: Demolição de alvenaria | C28: m3 | D28: 37.094925 | E28: 59.89 | F28: =ROUND((D28*E28),2) -> 2221.62 | G28: 37.09 | H28: 2221.6201 | I28: =IF(F28=0,0,H28/F28) -> 1
A29: 010105 | B29: Demolição manual de concreto simples (EMOP 05.001.001) | C29: m3 | D29: 15.66 | E29: 281.43 | F29: =ROUND((D29*E29),2) -> 4407.19 | G29: 15.66 | H29: 4407.1938 | I29: =IF(F29=0,0,H29/F29) -> 1.0000009
A30: 010106 | B30: Retirada de portas e janelas de madeira, inclusive batentes | C30: m2 | D30: 55 | E30: 15.96 | F30: =ROUND((D30*E30),2) -> 877.8 | G30: 55 | H30: 877.8 | I30: =IF(F30=0,0,H30/F30) -> 1
A31: 010107 | B31: Retirada de esquadrias metálicas | C31: m2 | D31: 28.5 | E31: 9.98 | F31: =ROUND((D31*E31),2) -> 284.43 | G31: 28.5 | H31: 284.43 | I31: =IF(F31=0,0,H31/F31) -> 1
A32: 010108 | B32: Retirada de aparelhos sanitários | C32: und | D32: 15 | E32: 20.65 | F32: =ROUND((D32*E32),2) -> 309.75 | G32: 15 | H32: 309.75 | I32: =IF(F32=0,0,H32/F32) -> 1
A33: 010109 | B33: Retirada de bancada de pia | C33: m2 | D33: 35 | E33: 24.79 | F33: =ROUND((D33*E33),2) -> 867.65 | G33: 35 | H33: 867.65 | I33: =IF(F33=0,0,H33/F33) -> 1
A34: 010110 | B34: Apicoamento de superfície com revestimento em argamassa | C34: m2 | D34: 350 | E34: 9.98 | F34: =ROUND((D34*E34),2) -> 3493 | G34: 350 | H34: 3493 | I34: =IF(F34=0,0,H34/F34) -> 1
A35: 010111 | B35: Retirada de divisórias com reaproveitamento | C35: m2 | D35: 310 | E35: 38.58 | F35: =ROUND((D35*E35),2) -> 11959.8 | G35: 235.89 | H35: 9100.6362 | I35: =IF(F35=0,0,H35/F35) -> 0.76093548
A36: 010112 | B36: Retirada de pontos elétricos (luminárias, interruptores e tomadas) | C36: und | D36: 255 | E36: 10.93 | F36: =ROUND((D36*E36),2) -> 2787.15 | G36: 255 | H36: 2787.15 | I36: =IF(F36=0,0,H36/F36) -> 1
... A67: 010202 | B67: Projeto do Sistema de Exaustão | C67: m2 | D67: 780 | E67: 4.16 | F67: =ROUND((D67*E67),2) -> 3244.8 | G67: 780 | H67: 3244.8 | I67: =IF(F67=0,0,H67/F67) -> 1
B68: SUB TOTAL 01 | F68: =SUM(F25:F67) -> 94395.75 | G68: 0 | H68: 91536.589 | I68: =IF(F68=0,0,H68/F68) -> 0.96971092
G69: 0
A70: 02 | B70: MOVIMENTO DE TERRA
A71: 020101 | B71: Índice de preço para remoção de entulho decorrente da execução de obras (Classe A CONAMA - NBR 10.004 - Classe II-B), incluindo aluguel da caçamba, carga, transporte e descarga em área licenciada | C71: m3 | D71: 550 | E71: 78.06 | F71: =ROUND((D71*E71),2) -> 42933 | G71: 550 | H71: 42933 | I71: =IF(F71=0,0,H71/F71) -> 1
B72: SUB TOTAL 02 | F72: =SUM(F71) -> 42933 | G72: 0 | H72: 42933 | I72: =IF(F72=0,0,H72/F72) -> 1
G73: 0
A74: 03 | B74: ESTRUTURAS | C74: =Contrato!E12 -> 0 | F74: =D74*E74 -> 0 | G74: 0 | I74: =IF(F74=0,0,H74/F74) -> 0
A75: 030101 | B75: Recuperação de concreto estrutural, inclusive retirada do concreto solto, limpeza da ferragem com escova de aço, aplicação de SIKATOP 108 ARMATEK/equivalente e recomposição dos locais danificados com SIKAGROUT/equivalente | C75: m2 | D75: 45 | E75: 583.18 | F75: =ROUND((D75*E75),2) -> 26243.1 | G75: 42.81 | H75: 24965.936 | I75: =IF(F75=0,0,H75/F75) -> 0.95133333
B76: SUB TOTAL 03 | F76: =SUM(F75) -> 26243.1 | G76: 0 | H76: 24965.936 | I76: =IF(F76=0,0,H76/F76) -> 0.95133333
G77: 0 | I77: =IF(F77=0,0,H77/F77) -> 0
A78: 04 | B78: PAREDES E PAINÉIS | C78: =Contrato!E23 -> 0 | F78: =D78*E78 -> 0 | G78: 0 | I78: =IF(F78=0,0,H78/F78) -> 0
A79: 040101 | B79: Divisória de granito com 3 cm de espessura, assentada com argamassa de cimento e areia no traço 1:3, na cor cinza | C79: m2 | D79: 22.5 | E79: 513.2 | F79: =E79*D79 -> 11547 | G79: 22.5 | H79: 11547 | I79: =IF(F79=0,0,H79/F79) -> 1
A80: 040201 | B80: Verga/contraverga reta de concreto armado 10 x 5 cm, Fck = 15 MPa, inclusive forma, armação e desforma | C80: m | D80: 137.55 | E80: 10.86 | F80: =E80*D80 -> 1493.793 | G80: 63.9 | H80: 693.954 | I80: =IF(F80=0,0,H80/F80) -> 0.46455834
A81: 040301 | B81: Alvenaria de blocos cerâmicos 10 furos 10x20x20cm, assentados c/argamassa de cimento, cal hidratada CH1 e areia traço 1:0,5:8, juntas 12mm e esp. das paredes s/revestimento, 10cm (bloco comprado na praça de Vitória, posto obra) | C81: m2 | D81: 309.825 | E81: 83.24 | F81: =E81*D81 -> 25789.833 | G81: 309.825 | H81: 25789.83 | I81: =IF(F81=0,0,H81/F81) -> 0.99999988
A82: 040302 | B82: Parede com placas de gesso acartonado (drywall), para uso interno, com duas faces duplas e estrutura metálica com guias duplas, com vãos. af_06/2017_p. | C82: m2 | D82: 285 | E82: 262.72 | F82: =E82*D82 -> 74875.2 | G82: 285.0013 | H82: 74875.2 | I82: =IF(F82=0,0,H82/F82) -> 1
A83: 040303 | B83: Isolamento acústico c/ painel em lã de vidro e = 50mm (isover-santa marina ref psi - 30/50mm ou similar) | C83: m2 | D83: 285 | E83: 64.34 | F83: =E83*D83 -> 18336.9 | G83: 285.0013 | H83: 18336.9 | I83: =IF(F83=0,0,H83/F83) -> 1
A84: 040401 | B84: Entelamento corretivo de superfície com trinca por retração ou dilatação, revestida com argamassa de cal hidratada e areia sem peneirar traço 1:3, largura da tela 10cm | C84: m | D84: 150 | E84: 31.27 | F84: =E84*D84 -> 4690.5 | G84: 50 | H84: 1563.5 | I84: =IF(F84=0,0,H84/F84) -> 0.33333333
B85: SUB TOTAL 04 | F85: =SUM(F79:F84) -> 136733.23 | G85: 0 | H85: 132806.38 | I85: =IF(F85=0,0,H85/F85) -> 0.971281
G86: 0
A87: 05 | B87: ESQUADRIAS DE MADEIRA | G87: 0 | I87: =IF(F87=0,0,H87/F87) -> 0
A88: 050101 | B88: Marco de madeira de lei de 1ª (Peroba, Ipê, Angelim Pedra ou equivalente) com 15x3 cm de batente, nas dimensões de 0.60 x 2.10 m | C88: und | D88: 6 | E88: 435.65 | F88: =ROUND((D88*E88),2) -> 2613.9 | G88: 6 | H88: 2613.9 | I88: =IF(F88=0,0,H88/F88) -> 1
A89: 050102 | B89: Marco de madeira de lei de 1ª (Peroba, Ipê, Angelim Pedra ou equivalente) com 15x3 cm de batente, nas dimensões de 0.80 x 2.10 m | C89: und | D89: 26 | E89: 435.65 | F89: =ROUND((D89*E89),2) -> 11326.9 | G89: 26 | H89: 11326.9 | I89: =IF(F89=0,0,H89/F89) -> 1
A90: 050103 | B90: Marco de madeira de lei de 1ª (Peroba, Ipê, Angelim Pedra ou equivalente) com 15 x 3 cm de batente, nas dimensões de 0.90 x 2.10 m | C90: und | D90: 1 | E90: 435.65 | F90: =ROUND((D90*E90),2) -> 435.65 | G90: 1 | H90: 435.65 | I90: =IF(F90=0,0,H90/F90) -> 1
A91: 050104 | B91: Marco de madeira de lei de 1ª (Peroba, Ipê, Angelim Pedra ou equivalente) com 15 x 3 cm de batente, nas dimensões de 1.00 x 2.10 m | C91: und | D91: 2 | E91: 493.58 | F91: =ROUND((D91*E91),2) -> 987.16 | G91: 2 | H91: 987.16 | I91: =IF(F91=0,0,H91/F91) -> 1
A92: 050201 | B92: Prendedor de porta, cromado, fixação com parafuso, no piso ou rodapé | C92: und | D92: 28 | E92: 73.82 | F92: =ROUND((D92*E92),2) -> 2066.96 | G92: 28 | H92: 2066.96 | I92: =IF(F92=0,0,H92/F92) -> 1
A93: 050301 | B93: Porta em madeira de lei tipo angelim pedra ou equiv.c/enchimento em madeira 1a.qualidade esp. 30mm p/ pintura, inclusive alizares, dobradiças e fechadura externa em latão cromado LaFonte ou equiv., exclusive marco, nas dim.:0.60 x | C93: und | D93: 6 | E93: 1101.8 | F93: =ROUND((D93*E93),2) -> 6610.8 | G93: 6 | H93: 6610.8 | I93: =IF(F93=0,0,H93/F93) -> 1
A94: 050302 | B94: Porta em madeira de lei tipo angelim pedra ou equiv.c/enchimento em madeira 1a.qualidade esp. 30mm p/ pintura, inclusive alizares, dobradiças e fechadura externa em latão cromado LaFonte ou equiv., exclusive marco, nas dim.: 0.80 | C94: und | D94: 26 | E94: 1121.86 | F94: =ROUND((D94*E94),2) -> 29168.36 | G94: 26 | H94: 29168.36 | I94: =IF(F94=0,0,H94/F94) -> 1
A95: 050303 | B95: Porta em madeira de lei tipo angelim pedra ou equiv.c/enchimento em madeira 1a.qualidade esp. 30mm p/ pintura, inclusive alizares, dobradiças e fechadura externa em latão cromado LaFonte ou equiv., exclusive marco, nas dim.:1.00 x | C95: und | D95: 2 | E95: 1210.43 | F95: =ROUND((D95*E95),2) -> 2420.86 | G95: 2 | H95: 2420.86 | I95: =IF(F95=0,0,H95/F95) -> 1
A96: 050401 | B96: Porta mad. de lei p/pintura c/ barra de apoio, incl. alizares, dobradiças e fechadura int. latão crom. marca de ref. La Fonte, excl. marco, dimensões 0.90 x 2.10 m | C96: und | D96: 1 | E96: 1886.91 | F96: =ROUND((D96*E96),2) -> 1886.91 | G96: 1 | H96: 1886.91 | I96: =IF(F96=0,0,H96/F96) -> 1
A97: 050501 | B97: Fornecimento e instalação de Placa de proteção em aço inox 304 de impacto para portas de acordo com a NBR9050, esp.: 0.8mm, Dim.: 40x90cm, fixada com adesivo de contato | C97: und | D97: 2 | E97: 137.12 | F97: =ROUND((D97*E97),2) -> 274.24 | G97: 2 | H97: 274.24 | I97: =IF(F97=0,0,H97/F97) -> 1
B98: SUB TOTAL 05 | F98: =SUM(F88:F97) -> 57791.74 | G98: 0 | H98: 57791.74 | I98: =IF(F98=0,0,H98/F98) -> 1
G99: 0
A100: =[3]Plan1!$C$97 -> 06 | B100: =[3]Plan1!$D$97 -> ESQUADRIAS METÁLICAS | C100: =Contrato!E30 -> 0 | F100: =D100*E100 -> 0 | G100: 0 | I100: =IF(F100=0,0,H100/F100) -> 0
A101: =[3]Plan1!$C$99 -> 060101 | B101: =[3]Plan1!$D$99 -> Báscula para vidro em alumínio anodizado cor natural, linha 25, completa, com tranca, caixilho, alizar e contramarco, exclusive vidro | C101: m2 | D101: 5.1 | E101: 834.52 | F101: =ROUND((D101*E101),2) -> 4256.05 | G101: 5.1 | H101: 4256.052 | I101: =IF(F101=0,0,H101/F101) -> 1.0000005
A102: =[3]Plan1!$C$100 -> 060102 | B102: =[3]Plan1!$D$100 -> Porta de abrir tipo veneziana em alumínio anodizado, linha 25, completa, incl. puxador com tranca, caixilho, alizar e contramarco | C102: m2 | D102: 6.5 | E102: 1299.15 | F102: =ROUND((D102*E102),2) -> 8444.48 | G102: 6.5 | H102: 8444.475 | I102: =IF(F102=0,0,H102/F102) -> 0.99999941
A103: =[3]Plan1!$C$101 -> 060103 | B103: =[3]Plan1!$D$101 -> Janela de correr para vidro em alumínio anodizado cor natural, linha 25, completa, incl. puxador com tranca, alizar, caixilho e contramarco, exclusive vidro | C103: m2 | D103: 9 | E103: 712.54 | F103: =ROUND((D103*E103),2) -> 6412.86 | G103: 9 | H103: 6412.86 | I103: =IF(F103=0,0,H103/F103) -> 1
A104: =[3]Plan1!$C$102 -> 060104 | B104: =[3]Plan1!$D$102 -> Grade de ferro em barra chata, inclusive chumbamento | C104: m2 | D104: 85 | E104: 418.06 | F104: =ROUND((D104*E104),2) -> 35535.1 | G104: 85 | H104: 35535.1 | I104: =IF(F104=0,0,H104/F104) -> 1
B105: SUB TOTAL 06 | F105: =SUM(F101:F104) -> 54648.49 | G105: 0 | H105: 54648.487 | I105: =IF(F105=0,0,H105/F105) -> 0.99999995
G106: 0
A107: 07 | B107: VIDROS | C107: =Contrato!E34 -> 0 | F107: =D107*E107 -> 0 | G107: 0 | I107: =IF(F107=0,0,H107/F107) -> 0
A108: 070101 | B108: Vidro plano transparente liso, com 4 mm de espessura | C108: m2 | D108: 10 | E108: 352.9 | F108: =ROUND((D108*E108),2) -> 3529 | G108: 9 | H108: 3176.1 | I108: =IF(F108=0,0,H108/F108) -> 0.9
A109: 070102 | B109: Vidro fantasia mini-boreal, com 4 mm de espessura | C109: m2 | D109: 1.5 | E109: 398.17 | F109: =ROUND((D109*E109),2) -> 597.26 | G109: 1.5 | H109: 597.255 | I109: =IF(F109=0,0,H109/F109) -> 0.99999163
A110: 070103 | B110: Mola hidraulica de piso para porta de vidro temperado. af_01/2021. | C110: un | D110: 24 | E110: 900.32 | F110: =ROUND((D110*E110),2) -> 21607.68 | G110: 24 | H110: 21607.68 | I110: =IF(F110=0,0,H110/F110) -> 1
A111: 070104 | B111: Porta em vidro temperado 10mm, incolor, inclusive ferragens de fixação e instalação, exclusive puxador - Rev 01_10/2021 | C111: m2 | D111: 40.32 | E111: 745.63 | F111: =ROUND((D111*E111),2) -> 30063.8 | G111: 40.32 | H111: 30063.802 | I111: =IF(F111=0,0,H111/F111) -> 1.0000001
A112: 070105 | B112: Puxador para porta em vidro temperado, fixado na porta - fornecimento e instalação. af_01/2020 | C112: un | D112: 48 | E112: 365.07 | F112: =ROUND((D112*E112),2) -> 17523.36 | G112: 12 | H112: 4380.84 | I112: =IF(F112=0,0,H112/F112) -> 0.25
A113: 070106 | B113: Visor em aluminio com vidro temperado 6mm | C113: m2 | D113: 21.48 | E113: 297.7 | F113: =ROUND((D113*E113),2) -> 6394.6 | G113: 21.48 | H113: 6394.596 | I113: =IF(F113=0,0,H113/F113) -> 0.99999937
A114: 070201 | B114: Espelho prata esp. 4 mm de espessura | C114: m2 | D114: 5.76 | E114: 551.99 | F114: =ROUND((D114*E114),2) -> 3179.46 | G114: 5.76 | H114: 3179.4624 | I114: =IF(F114=0,0,H114/F114) -> 1.0000008
B115: SUB TOTAL 07 | F115: =SUM(F107:F114) -> 82895.16 | G115: 0 | H115: 69399.735 | I115: =IF(F115=0,0,H115/F115) -> 0.83719888
G116: 0
A117: 08 | B117: TETOS E FORROS | C117: =Contrato!E38 -> 0 | F117: =D117*E117 -> 0 | G117: 0 | I117: =IF(F117=0,0,H117/F117) -> 0
A118: 080101 | B118: Chapisco com argamassa de cimento e areia média ou grossa lavada no traço 1:3, espessura 5 mm, com aplicação de aditivo promotor de aderência | C118: m2 | D118: 775 | E118: 19.65 | F118: =ROUND((D118*E118),2) -> 15228.75 | G118: 0 | H118: 0 | I118: =IF(F118=0,0,H118/F118) -> 0
A119: 080201 | B119: Forro de gesso acabamento tipo liso | C119: m2 | D119: 65 | E119: 66.15 | F119: =ROUND((D119*E119),2) -> 4299.75 | G119: 65 | H119: 4299.75 | I119: =IF(F119=0,0,H119/F119) -> 1
A120: 080202 | B120: Forro de fibra mineral em placas de 1250 X 625 mm, E = 15 mm, borda reta, com pintura antimofo, apoiado em perfil de aço galvanizado com 24 mm de base - Instalado | C120: m2 | D120: 710 | E120: 168.48 | F120: =ROUND((D120*E120),2) -> 119620.8 | G120: 710 | H120: 119620.8 | I120: =IF(F120=0,0,H120/F120) -> 1
A121: 080203 | B121: Fornecimento e instalação de linha de sombra 3x3cm em forro de gesso | C121: m | D121: 110 | E121: 19.84 | F121: =ROUND((D121*E121),2) -> 2182.4 | G121: 98.87 | H121: 1961.5808 | I121: =IF(F121=0,0,H121/F121) -> 0.89881818
B122: SUB TOTAL 08 | F122: =SUM(F118:F121) -> 141331.7 | G122: 0 | H122: 125882.13 | I122: =IF(F122=0,0,H122/F122) -> 0.89068575
G123: 0
A124: 09 | B124: REVESTIMENTO DE PAREDES INTERNAS E EXTERNAS | C124: =Contrato!E42 -> 0 | F124: =D124*E124 -> 0 | G124: 0 | I124: =IF(F124=0,0,H124/F124) -> 0
A125: 090101 | B125: Chapisco de argamassa de cimento e areia média ou grossa lavada, no traço 1:3, espessura 5 mm | C125: m2 | D125: 1575 | E125: 7.19 | F125: =ROUND((D125*E125),2) -> 11324.25 | G125: 1303.19 | H125: 9369.9361 | I125: =IF(F125=0,0,H125/F125) -> 0.82742222
A126: 090201 | B126: Acabamento de alumínio com perfil de canto para arremate das paredes | C126: m | D126: 30 | E126: 19.63 | F126: =ROUND((D126*E126),2) -> 588.9 | G126: 0 | H126: 0
A127: 090202 | B127: Pastilha cerâmica branca 5 x 5 cm, assentada com argamassa de cimento colante e rejunte pré-fabricado, marcas de referência Atlas, Jatobá, NGK ou equivalentwe | C127: m2 | D127: 155 | E127: 243.86 | F127: =ROUND((D127*E127),2) -> 37798.3 | G127: 155 | H127: 37798.3 | I127: =IF(F127=0,0,H127/F127) -> 1
A128: 090203 | B128: Roda parede em granito branco 7x2cm, com acabamento abaulado nos dois lados | C128: m | D128: 150 | E128: 91.72 | F128: =ROUND((D128*E128),2) -> 13758 | G128: 124.91 | H128: 11456.745 | I128: =IF(F128=0,0,H128/F128) -> 0.83273333
A129: 090204 | B129: Porcelanato polido, acabamento acetinado, dim. 60x60cm, ref. de cor CIMENTO CINZA BOLD Potobello/equiv, utilizando dupla colagem de argamassa colante para porcelanato tipo ACIII e rejunte 1mm para porcelanato | C129: m2 | D129: 520 | E129: 139.42 | F129: =ROUND((D129*E129),2) -> 72498.4 | G129: 445.75398 | H129: 62147.02 | I129: =IF(F129=0,0,H129/F129) -> 0.85721919
A130: 090301 | B130: Emboço de argamassa de cimento, cal hidratada CH1 e areia média ou grossa lavada no traço 1:0.5:6, espessura 20 mm | C130: m2 | D130: 675 | E130: 35.03 | F130: =ROUND((D130*E130),2) -> 23645.25 | G130: 583.148 | H130: 20427.674 | I130: =IF(F130=0,0,H130/F130) -> 0.86392296
A131: 090302 | B131: Reboco tipo paulista de argamassa de cimento, cal hidratada CH1 e areia média ou grossa lavada no traço 1:0.5:6, espessura 25 mm | C131: m2 | D131: 900 | E131: 59.73 | F131: =ROUND((D131*E131),2) -> 53757 | G131: 706.41 | H131: 42193.869 | I131: =IF(F131=0,0,H131/F131) -> 0.7849
...

Sheet Memoria 1
B1: GOVERNO DO ESTADO DO ESPÍRITO SANTO POLÍCIA CIVIL/ES
B2: POLÍCIA CIVIL
B3: OBJETO: ELABORAÇÃO DE PROJETOS EXECUTIVOS DE REGULARIZAÇÃO E REFORMA DA 1ª DR VITÓRIA NO MUNICÍPIO DE VITÓRIA/ES - CONT Nº 100/2020 E TP Nº 001/2020
B4: CONTRATADA: DAN ENGENHARIA PROJETOS E CONSULTORIA LTDA.
A5: MEMÓRIA DE CÁLCULO - 1ª MEDIÇÃO
A6: ITEM | B6: DESCRIÇÃO DO ÍTEM | C6: UND | D6: QUANTIDADE | H6: MEDIÇÃO 01 | J6: MEDIÇÃO 02 | K6: MEDIÇÃO 03 | L6: MEDIÇÃO 04
H7: No periodo | I7: Acumulado | J7: ACUMULADO | K7: ACUMULADO | L7: ACUMULADO
A8: =#REF! -> #REF! | B8: =#REF! -> #REF!
M9: TABELA PREÇOS 2021 - LABOR/DER-ES
A10: =#REF! -> #REF! | B10: =#REF! -> #REF! | C10: UND | D10: Área total da edificação | E10: Arquitura (A) | F10: Relat. Vistoria (Hidrossan., Elét, Estrut) - (B) | G10: TOTAL EXECUTADO (A+B) (m²) | H10: =H23 -> 434.808 | I10: =I17 -> 434.808 | J10: =SUM(J19:J23) -> 0 | K10: =SUM(K19:K23) -> 0 | L10: =SUM(L19:L23) -> 0 | M10: Arquitura (50 %) | N10: Hidros-sanitário (10%) - Vist. c/ Parecer | O10: Elétrico (10%)- Vist. c/ Parecer | P10: Estrutural (20%)- Vist.a c/ Parecer
B11: Divisão proporcional de 100% do serviço a executar | E11: 0.6 | F11: 0.4 | J11: =J10+I11 -> 0 | K11: =K10+J11 -> 0 | L11: =L10+K11 -> 0
B12: Serviços executados até esta medição | E12: 0.6 | F12: 0
B14: Área da Edificação Existente: Ver quadro de áreas do levantamento de Arquitetura - Anexo 02 | M14: 5.11 | N14: 2.23 | O14: 2.23 | P14: 0 | Q14: =SUM(M14:P14) -> 9.57
B15: Área Pavimento térreo (1º pavimento) | C15: m² | D15: 437.52 | M15: =M14/Q14 -> 0.53396029 | N15: =N14/Q14 -> 0.23301985 | O15: =O14/Q14 -> 0.23301985 | P15: 0 | Q15: =SUM(M15:P15) -> 1
B16: Área Pavimento Superior (2º pavimento) | C16: m² | D16: 287.16 | P16: 0 | Q16: =SUM(M16:P16) -> 0
B17: Total: | C17: m² | D17: =SUM(D15:D16) -> 724.68 | E17: =E12*D17 -> 434.808 | F17: =F12*D17 -> 0 | G17: =SUM(E17:F17) -> 434.808 | H17: =G17 -> 434.808 | I17: =SUM(H17) -> 434.808 | M17: 4.55 | N17: 1.99 | O17: 1.99 | P17: 0 | Q17: =SUM(M17:P17) -> 8.53
B18: Ver produto do serviço fornecido e entregue no Anexo 01 : Levantamento Cadastral de Arquitetura e Relatório de Vistoria | M18: =M17/Q17 -> 0.53341149 | N18: =N17/Q17 -> 0.23329426 | O18: =O17/Q17 -> 0.23329426 | P18: 0 | Q18: =SUM(M18:P18) -> 1
B19: Notas:
B20: 1- Área da edificação existente consta no levantamento de Arquitetura (Anexo 02). Quantidade levantada através do levantamento de medidas efetuados no local e atráves do sistema de desenho em cad que fornece a área da arquitetura.
B21: 2- O percentual previsto para os levantamentos no local das instalações existentes por especialidade foram distribuida em: a) Arquitetura: 60% da área total da edificação; b) Relat. de vistoria: Hidrossanitário, Elétrico e Estrutura: 40% da área total da edificação;
B22: 3- Os relatórios de vistorias referente à situação das instalações de especialidades descrita na alínea "b", serão efetuados após aprovação do estudo preliminar do lay-out /arquitetura para a reforma e ampliação do prédio existente. Será fornecido relatório de vistoria, a ser elaborado pelos profissionais de cada especialidade referente aos projetos complementares, contendo as informações pertinentes, para fim de avaliação geral da situação existente e nível de intervenção de obra pretendida.
B23: TOTAL | H23: =H17 -> 434.808 | I23: =I17 -> 434.808
A25: =#REF! -> #REF! | B25: =#REF! -> #REF! | C25: UND | D25: Total | G25: TOTAL EXECU-TADO | H25: =H29 -> 0.2 | I25: =I29 -> 0.2
B27: Serviço executado. Ver Produto do serviço no Anexo 02 | C27: mês | D27: 0.2 | G27: 0.2 | H27: 0.2 | I27: 0.2
B29: TOTAL | H29: =H27 -> 0.2 | I29: =I27 -> 0.2
A32: =#REF! -> #REF! | B32: =#REF! -> #REF!
A34: =#REF! -> #REF! | B34: =#REF! -> #REF! | C34: UND | D34: Total Contrato (A) | E34: Total Item 4 (B) | F34: Valor Liquido= (A-B) | G34: TOTAL EXECU-TADO | H34: =H42 -> #REF! | I34: =I42 -> #REF! | J34: =SUM(J42:J42) -> 0 | K34: =SUM(K42:K42) -> 0 | L34: =SUM(L42:L42) -> 0
B35: Vtl= Valor total do contrato excluído o item 4 | C35: R$ | D35: 89748.684 | E35: =#REF! -> #REF! | F35: =D35-E35 -> #REF! | J35: =J34+I35 -> 0 | K35: =K34+J35 -> 0 | L35: =L34+K35 -> 0
B36: V1l = Valor da 1ª Medição excluído item 4 | C36: R$ | E36: 0 | F36: =#REF!+#REF!+#REF! -> #REF!
B37: F =Fator ou percentual de produtividade realizada até a 1ª Medição = 100*(V1l /Vtl) | G37: =ROUND(F36/F35,4)*100 -> #REF! | H37: =G37 -> #REF! | I37: =H37 -> #REF!
B42: TOTAL | H42: =SUM(H35:H41) -> #REF! | I42: =SUM(I35:I41) -> #REF!

Sheet Memoria 2
B1: GOVERNO DO ESTADO DO ESPÍRITO SANTO POLÍCIA CIVIL/ES
B2: POLÍCIA CIVIL
B3: OBJETO: ELABORAÇÃO DE PROJETOS EXECUTIVOS DE REGULARIZAÇÃO E REFORMA DA 1ª DR VITÓRIA NO MUNICÍPIO DE VITÓRIA/ES - CONT Nº 100/2020 E TP Nº 001/2020
B4: CONTRATADA: DAN ENGENHARIA PROJETOS E CONSULTORIA LTDA.
A5: MEMÓRIA DE CÁLCULO - 2ª MEDIÇÃO (01/04/2021 A 31/05/2021)
A6: ITEM | B6: DESCRIÇÃO DO ÍTEM | C6: UND | D6: QUANTIDADE | H6: MEDIÇÃO 02 | J6: MEDIÇÃO 02 | K6: MEDIÇÃO 03 | L6: MEDIÇÃO 04
H7: No periodo | I7: Acumulado | J7: ACUMULADO | K7: ACUMULADO | L7: ACUMULADO
A8: =#REF! -> #REF! | B8: =#REF! -> #REF!
M9: TABELA PREÇOS 2021 - LABOR/DER-ES
A10: =#REF! -> #REF! | B10: =#REF! -> #REF! | C10: UND | D10: Área total a computar para fim de medição | E10: Arquitura (A) | G10: TOTAL EXECUTADO (A+B) (m²) | H10: =H18 -> 289.872 | I10: =I18 -> 724.68 | J10: =SUM(J17:J18) -> 0 | K10: =SUM(K17:K18) -> 0 | L10: =SUM(L17:L18) -> 0 | M10: Arquitura (50 %) | N10: Hidros-sanitário (10%) - Vist. c/ Parecer | O10: Elétrico (10%)- Vist. c/ Parecer | P10: Estrutural (20%)- Vist.a c/ Parecer
B11: Área construída da Edificação Existente | M11: 5.11 | N11: 2.23 | O11: 2.23 | P11: 0 | Q11: =SUM(M11:P11) -> 9.57
B12: Área Pavimento térreo (1º pavimento)= | C12: m² | D12: 437.52 | M12: =M11/Q11 -> 0.53396029 | N12: =N11/Q11 -> 0.23301985 | O12: =O11/Q11 -> 0.23301985 | P12: 0 | Q12: =SUM(M12:P12) -> 1
B13: Área Pavimento Superior (2º pavimento)= | C13: m² | D13: 287.16 | P13: 0 | Q13: =SUM(M13:P13) -> 0
B14: Total construída= | D14: =SUM(D12:D13) -> 724.68 | E14: =D14 -> 724.68 | G14: =E14 -> 724.68 | I14: =G14 -> 724.68
B15: Acumulado até a medição anterior: | C15: m² | D15: 434.808 | E15: =D15 -> 434.808 | G15: =E15 -> 434.808 | M15: 4.55 | N15: 1.99 | O15: 1.99 | P15: 0 | Q15: =SUM(M15:P15) -> 8.53
B16: Medir na 2ª medição | C16: m² | D16: =D14-D15 -> 289.872 | E16: =E14-E15 -> 289.872 | G16: =E16 -> 289.872 | H16: =G16 -> 289.872 | I16: =I14 -> 724.68
B17: Notas: 1- Área da edificação existente consta no levantamento de Arquitetura e Relatório de Vistoria de arquitetura (Anexo 01). Quantidade levantada através do levantamento de medidas efetuados no local e atráves do sistema de desenho em cad que fornece a área da arquitetura. 2- Produtos gerados: a) Levantamento cadastral de arquitetura - Anexo 01 b) Relatório de Vistoria de arquitetura - Anexo 02
B18: TOTAL | H18: =H16 -> 289.872 | I18: =I16 -> 724.68
A19: =#REF! -> #REF! | B19: =#REF! -> #REF! | C19: UND | D19: Total | G19: TOTAL EXECU-TADO | H19: =H23 -> 0.2 | I19: =I23 -> 0.2
B21: Serviço executado . Ver Produto do serviço no Anexo 02 da 1ª medição | C21: mês | D21: 0.2 | G21: 0.2 | H21: 0.2 | I21: 0.2
B22: 1ª medição
B23: TOTAL | H23: =H21 -> 0.2 | I23: =I21 -> 0.2
A25: =#REF! -> #REF! | B25: =#REF! -> #REF! | C25: UND | D25: Área total a computar para fim de medição | F25: Relat. Vistoria (Hidrossan., Inc, Elet/outros, Estrut, climat) - (B) | G25: TOTAL EXECUTADO (A+B) (m²) | H25: =H37 -> 750 | I25: =I37 -> 750
B27: Área construída da Edificação Existente | M27: 5.11 | N27: 2.23 | O27: 2.23 | P27: 0 | Q27: =SUM(M27:P27) -> 9.57
B28: Área Pavimento térreo (1º pavimento)= | C28: m² | D28: 437.52 | M28: =M27/Q27 -> 0.53396029 | N28: =N27/Q27 -> 0.23301985 | O28: =O27/Q27 -> 0.23301985 | P28: 0 | Q28: =SUM(M28:P28) -> 1
B29: Área Pavimento Superior (2º pavimento)= | C29: m² | D29: 287.16 | P29: 0 | Q29: =SUM(M29:P29) -> 0
B30: Total construída= | D30: =SUM(D28:D29) -> 724.68
B31: Área do compartimento reservatórios - Cobertura
B32: Área técnica de reservatórios não é computada no levantamento cadastral de arquitetura, mas tal área foi motivo de levantamento e vistorias/relatórios referente as instalações existentes (disciplinas complementares) = (6,05x 4,55 )=27,52m², além de ter sido efetuado o relatório sobre as instalações de ar condicionado. Medido para este item até o limite do quantitativo contratadode 750m² , resultando no quantitatvo de 25,32m². | C32: m² | D32: 25.32
B33: Total executado até a 2ª medição: | C33: m² | D33: =D32+D30 -> 750 | F33: =D33-E33 -> 750 | G33: =D33 -> 750 | M33: 4.55 | N33: 1.99 | O33: 1.99 | P33: 0 | Q33: =SUM(M33:P33) -> 8.53
B34: Acumulado até a medição anterior: | D34: 0 | F34: 0 | G34: =E34+F34 -> 0
B35: Medir na 2ª medição | D35: =D33-D34 -> 750 | F35: =F33-F34 -> 750 | G35: =G33-G34 -> 750 | H35: =F35 -> 750 | I35: =H35 -> 750
B36: Notas: 1- Área da edificação existente consta no levantamento de Arquitetura (Anexo 01). Quantidade levantada através do levantamento de medidas efetuados no local e atráves do sistema de desenho em cad que fornece a área da arquitetura. A área do compartimento reservatório na cobertura é de (6,05x 4,55)=27,52m², Ver planta da cobertura ( Anexo 01), tendo sido medido para este item até o total previsto de quantitativo no item. 2- Produtos gerados e constam: Anexo 03 - Relatórios de Vistorias sobre a situação das instalações existentes referentes as seguintes disciplinas: a) Instalações hidrosanitárias e de combate a incendio: Anexo 3a b) Instalações Elétricas, de Cabeamento Estruturado, Alarme, CFTV e SPDA : Anexo 3b c) Estrutura da edificação: Anexo 3c d) Climatização: Anexo 3d
B37: TOTAL | H37: =H35 -> 750 | I37: =H37 -> 750
A39: =#REF! -> #REF! | B39: =#REF! -> #REF!
B52: TOTAL | H52: =H50 -> 0 | I52: =I50 -> 0
A54: =#REF! -> #REF! | B54: =#REF! -> #REF!
A56: =#REF! -> #REF! | B56: =#REF! -> #REF! | C56: UND | D56: Total Contrato (A) | E56: Total Item 4 (B) | F56: Valor Liquido= (A-B) | G56: TOTAL EXECU-TADO | H56: =H63 -> #REF! | I56: =I63 -> #REF! | J56: =SUM(J63:J63) -> 0 | K56: =SUM(K63:K63) -> 0 | L56: =SUM(L63:L63) -> 0
B57: Vtl= Valor total do contrato excluído o item 4 | C57: R$ | D57: 89748.684 | E57: 16318 | F57: =D57-E57 -> 73430.684 | J57: =J56+I57 -> 0 | K57: =K56+J57 -> 0 | L57: =L56+K57 -> 0
B58: V1l = Valor da 2ª Medição excluído item 4 | C58: R$ | E58: 0 | F58: =#REF!+#REF! -> #REF!
B59: F =Fator ou percentual de produtividade realizada na 2ª Medição = 100*(V1l /Vtl) | G59: =ROUND(F58/F57,4)*100 -> #REF! | H59: =G59 -> #REF!
B60: Acumulado até a medição anterior: | C60: und | G60: =#REF! -> #REF!
B61: Acumulado total até a 2ª medição | C61: und | G61: =SUM(G59:G60) -> #REF! | I61: =SUM(G61) -> #REF!
B63: TOTAL | H63: =SUM(H59:H62) -> #REF! | I63: =I61 -> #REF!

Sheet Memoria 3
B1: GOVERNO DO ESTADO DO ESPÍRITO SANTO
B2: POLÍCIA CIVIL
B3: OBJETO: ELABORAÇÃO DE PROJETOS EXECUTIVOS DE REGULARIZAÇÃO E REFORMA DA 1ª DR VITÓRIA NO MUNICÍPIO DE VITÓRIA/ES - CONT Nº 100/2020 E TP Nº 001/2020
B4: CONTRATADA: DAN ENGENHARIA PROJETOS E CONSULTORIA LTDA.
A5: MEMÓRIA DE CÁLCULO - 3ª MEDIÇÃO (01/06/2021 A 30/09/2021)
A6: ITEM | B6: DESCRIÇÃO DO ÍTEM | C6: UND | D6: QUANTIDADE | H6: MEDIÇÃO 03 | J6: MEDIÇÃO 02 | K6: MEDIÇÃO 03 | L6: MEDIÇÃO 04
H7: No periodo | I7: Acumulado | J7: ACUMULADO | K7: ACUMULADO | L7: ACUMULADO
A8: =#REF! -> #REF! | B8: =#REF! -> #REF!
M9: TABELA PREÇOS 2021 - LABOR/DER-ES
A10: =#REF! -> #REF! | B10: =#REF! -> #REF! | C10: UND | D10: Área total a computar para fim de medição | E10: Arquitura (A) | G10: TOTAL EXECUTADO (A+B) (m²) | H10: =H18 -> 0 | I10: =I18 -> 724.68 | J10: =SUM(J17:J18) -> 0 | K10: =SUM(K17:K18) -> 0 | L10: =SUM(L17:L18) -> 0 | M10: Arquitura (50 %) | N10: Hidros-sanitário (10%) - Vist. c/ Parecer | O10: Elétrico (10%)- Vist. c/ Parecer | P10: Estrutural (20%)- Vist.a c/ Parecer
B11: Área construída da Edificação Existente | M11: 5.11 | N11: 2.23 | O11: 2.23 | P11: 0 | Q11: =SUM(M11:P11) -> 9.57
B12: Área Pavimento térreo (1º pavimento)= | C12: m² | D12: 437.52 | M12: =M11/Q11 -> 0.53396029 | N12: =N11/Q11 -> 0.23301985 | O12: =O11/Q11 -> 0.23301985 | P12: 0 | Q12: =SUM(M12:P12) -> 1
B13: Área Pavimento Superior (2º pavimento)= | C13: m² | D13: 287.16 | P13: 0 | Q13: =SUM(M13:P13) -> 0
B14: Total construída= | D14: =SUM(D12:D13) -> 724.68 | E14: =D14 -> 724.68 | G14: =E14 -> 724.68 | I14: =G14 -> 724.68
B15: Acumulado até a medição anterior (1ª medição) : | C15: m² | D15: 434.808 | E15: =D15 -> 434.808 | G15: =E15 -> 434.808 | M15: 4.55 | N15: 1.99 | O15: 1.99 | P15: 0 | Q15: =SUM(M15:P15) -> 8.53
B16: Medido na 2ª medição | C16: m² | D16: =D14-D15 -> 289.872 | E16: =E14-E15 -> 289.872 | G16: =E16 -> 289.872 | I16: =I14 -> 724.68
B17: Notas: 1- Área da edificação existente consta no levantamento de Arquitetura e Relatório de Vistoria de arquitetura (Anexo 01). Quantidade levantada através do levantamento de medidas efetuados no local e atráves do sistema de desenho em cad que fornece a área da arquitetura. 2- Produtos gerados: a) Levantamento cadastral de arquitetura - Anexo 01 b) Relatório de Vistoria de arquitetura - Anexo 02
B18: TOTAL | H18: =H16 -> 0 | I18: =I16 -> 724.68
A20: =#REF! -> #REF! | B20: =#REF! -> #REF! | C20: UND | D20: Total Contratado | G20: TOTAL EXECU-TADO | H20: =H24 -> 0 | I20: =I24 -> 0.2
B22: Serviço executado . Ver Produto do serviço no Anexo 02 da 1ª medição | C22: mês | D22: 0.2 | G22: 0.2 | I22: 0.2
B24: TOTAL | H24: =H22 -> 0 | I24: =I22 -> 0.2
A26: =#REF! -> #REF! | B26: =#REF! -> #REF! | C26: UND | D26: Total Contra-tado | G26: TOTAL EXECU-TADO | H26: =H30 -> 1 | I26: =I30 -> 1
B27: 3ª medição
B28: Serviço executado . Ver Produto do serviço no Anexo 04-A da 3ª medição | C28: =#REF! -> #REF! | D28: =#REF! -> #REF! | G28: 1 | H28: =G28 -> 1 | I28: =H28 -> 1
B30: TOTAL | H30: =H28 -> 1 | I30: =I28 -> 1
A33: =#REF! -> #REF! | B33: =#REF! -> #REF! | C33: =#REF! -> #REF! | D33: Total Contra-tado | G33: TOTAL EXECU-TADO | H33: =H41 -> 41.19 | I33: =I41 -> 41.19
B35: Serviço executado . Ver Produto do serviço no Anexo 04-A da 3ª medição | C35: m | D35: =#REF! -> #REF!
B36: SP 01 | C36: m | G36: =10.14 -> 10.14 | H36: =10.14 -> 10.14 | I36: =H36 -> 10.14
B37: SP 02 | C37: m | G37: 11.54 | H37: =G37 -> 11.54 | I37: =H37 -> 11.54
B38: SP 03 | C38: m | G38: 8.93 | H38: 8.93 | I38: =H38 -> 8.93
B39: SP 04 | C39: m | G39: 10.58 | H39: =G39 -> 10.58 | I39: =H39 -> 10.58
B41: TOTAL | H41: =SUM(H36:H40) -> 41.19 | I41: =SUM(I36:I40) -> 41.19
A43: =#REF! -> #REF! | B43: =#REF! -> #REF! | C43: UND | D43: Área total a computar para fim de medição | F43: Relat. Vistoria (Hidrossan., Inc, Elet/outros, Estrut, climat) - (B) | G43: TOTAL EXECUTADO (A+B) (m²) | H43: =H55 -> 0 | I43: =I53 -> 750
B45: Área construída da Edificação Existente | M45: 5.11 | N45: 2.23 | O45: 2.23 | P45: 0 | Q45: =SUM(M45:P45) -> 9.57
B46: Área Pavimento térreo (1º pavimento)= | C46: m² | D46: 437.52 | M46: =M45/Q45 -> 0.53396029 | N46: =N45/Q45 -> 0.23301985 | O46: =O45/Q45 -> 0.23301985 | P46: 0 | Q46: =SUM(M46:P46) -> 1
B47: Área Pavimento Superior (2º pavimento)= | C47: m² | D47: 287.16 | P47: 0 | Q47: =SUM(M47:P47) -> 0
B48: Total construída= | D48: =SUM(D46:D47) -> 724.68
B49: Área do compartimento reservatórios - Cobertura
B50: Área técnica de reservatórios não é computada no levantamento cadastral de arquitetura, mas tal área foi motivo de levantamento e vistorias/relatórios referente as instalações existentes (disciplinas complementares) = (6,05x 4,55 )=27,52m², além de ter sido efetuado o relatório sobre as instalações de ar condicionado. Medido para este item até o limite do quantitativo contratadode 750m² , resultando no quantitatvo de 25,32m². | C50: m² | D50: 25.32
B51: Total executado até a 2ª medição: | C51: m² | D51: =D50+D48 -> 750 | F51: =D51-E51 -> 750 | G51: =D51 -> 750 | M51: 4.55 | N51: 1.99 | O51: 1.99 | P51: 0 | Q51: =SUM(M51:P51) -> 8.53
B52: Acumulado até a medição anterior (1ª Medição): | D52: 0 | F52: 0 | G52: =E52+F52 -> 0
B53: Medir na 2ª medição | D53: =D51-D52 -> 750 | F53: =F51-F52 -> 750 | G53: =G51-G52 -> 750 | I53: =G53-H53 -> 750
B54: Notas: 1- Área da edificação existente consta no levantamento de Arquitetura (Anexo 01). Quantidade levantada através do levantamento de medidas efetuados no local e atráves do sistema de desenho em cad que fornece a área da arquitetura. A área do compartimento reservatório na cobertura é de (6,05x 4,55)=27,52m², Ver planta da cobertura ( Anexo 01), tendo sido medido para este item até o total previsto de quantitativo no item. 2- Produtos gerados e constam: Anexo 03 - Relatórios de Vistorias sobre a situação das instalações existentes referentes as seguintes disciplinas: a) Instalações hidrosanitárias e de combate a incendio: Anexo 3a b) Instalações Elétricas, de Cabeamento Estruturado, Alarme, CFTV e SPDA : Anexo 3b c) Estrutura da edificação: Anexo 3c d) Climatização: Anexo 3d
B55: TOTAL | H55: =H53 -> 0 | I55: =H55 -> 0
A57: =#REF! -> #REF! | B57: =#REF! -> #REF!
A59: =#REF! -> #REF! | B59: =#REF! -> #REF! | C59: =#REF! -> #REF! | D59: Total Contra-tado | G59: TOTAL EXECU-TADO | H59: =H65 -> 724.68 | I59: =I65 -> 724.68
C60: =#REF! -> #REF! | D60: =#REF! -> #REF!
B61: Serviço executado . Ver Produto do serviço no Anexo 04-B da 3ª medição
B62: 1º Pavimento | C62: =#REF! -> #REF! | D62: 437.52 | G62: =D62 -> 437.52 | H62: =G62 -> 437.52 | I62: =H62 -> 437.52
B63: 2º Pavimento | C63: =#REF! -> #REF! | D63: 287.16 | G63: =D63 -> 287.16 | H63: =G63 -> 287.16 | I63: =H63 -> 287.16
B64: Nota: 1- Medição de Praxe = Área total construída do Projeto Excutivo de Arquitetura
B65: TOTAL | H65: =SUM(H62:H64) -> 724.68 | I65: =SUM(I62:I64) -> 724.68 | J65: =SUM(J62:J64) -> 0 | K65: =SUM(K62:K64) -> 0 | L65: =SUM(L62:L64) -> 0 | M65: =SUM(M62:M64) -> 0 | N65: =SUM(N62:N64) -> 0 | O65: =SUM(O62:O64) -> 0 | ... R65: =SUM(R62:R64) -> 0
A67: =#REF! -> #REF! | B67: =#REF! -> #REF! | C67: =#REF! -> #REF! | D67: Total Contratado | G67: TOTAL EXECU-TADO | H67: =H79 -> 0 | I67: =I79 -> 0
B68: Serviço executado . Ver Produto do serviço no Anexo 02-B da 3ª medição | C68: m2 | D68: =#REF! -> #REF!
B69: Prédio da Delegacia
B70: Parte da edificação em um pavimento: 1º pavimento: | C70: m2 | D70: 437.52 | G70: =D70 -> 437.52 | H70: =G70 -> 437.52 | I70: =H70 -> 437.52
B71: Esta área da edificação necessitou ser totalmente redimensionada com uma nova estrutura de concreto armado e nova fundação. A parede frontal existente foi mantida porém esta recebendo reforço estrutural, sendo executado lajes de piso. Também está sendo projetado estrtura e fundação de lementos externos a edificação como: subestação, casa de lixo, muros e muretas, etc. Para a solução proposta foi necessário modelar todo o projeto da estrutura/fundação existente esta parte do prédio, efetuar investigações no local para verificar e comparar o projeto original da estrutura com a situação efetivamente executada, efetuar todo o cálculo estrutura na condição existente para avaliar a necessidade ou não dos reforços estruturais ou de nova estrtura e fundação. | G71: =D71 -> 0 | H71: =G71 -> 0
B72: Parte da edificação em dois pavimento: 1º e 2º Pavimento: | C72: m2 | D72: 287.16 | G72: =D72 -> 287.16 | H72: =G72 -> 287.16 | I72: =H72 -> 287.16
B73: Esta área da edificação existente necessitou de estudo e reavaliação de toda a estrutura de concreto armado, sendo efetuado reforços estruturais para receber as novas cargas de projeto dos ambientes cujos usos foram alterados (sobrecarga maior que o projeto original) , tais como:almoxarifados/arquivos, novos sanitários, etc. Também foram necessarios elaborar adequações e reforços estruturais envolvendo intervenções de projeto para aberuras de Shafts, furos em laje e vigas para passem de tubulações, e para solucionar problemas relacionados as deformações em peças estruturais que impactaram em trincas e manifestações patologicas de descolamentos de estrutura com alvenarias. Para a solução proposta foi necessário modelar todo o projeto da estrutura/fundação existente esta parte do prédio, efetuar investigações no local para verificar e comparar o projeto original da estrutura com a situação efetivamente executada, efetuar todo o cálculo estrutural na condição existente para avaliar a necessidade ou não dos reforços estruturais ou de nova estrutura e fundação. | G73: =D73 -> 0 | H73: =G73 -> 0
B74: Cobertura do 2º pavimento - área do reservatório (reforços de paredes e nova laje de apoio da area dos reservatórios), platibandas etc | D74: 25.32 | G74: =D74 -> 25.32 | H74: =G74 -> 25.32
B75: Área técnica de reservatórios que recebeu projeto de estrutura de concreto armado para nova laje de apoio dos reservátórios) = (6,05x 4,55 )=27,52m², além de ter sido executado o projeto de elemento como efetuado o relatório sobre as instalações de ar condicionado. Medido para este item até o limite do quantitativo contratadode 750m² , resultando no quantitatvo de 25,32m². | C75: m² | G75: =D75 -> 0 | H75: =G75 -> 0
B76: Total a medir | D76: =SUM(D70:D75) -> 750 | G76: =SUM(G70:G75) -> 750 | H76: =SUM(H70:H75) -> 750
B77: Nota: 1- Medição de Praxe = Área da edificação que foi totalmente modelada e redimensionada para efetuar os reforço em estrtura de concreto armado e de novas estruturas de concreto armado.
B78: TOTAL | H78: =H76 -> 750 | I78: =SUM(I68:I77) -> 724.68 | J78: =SUM(J68:J77) -> 0 | K78: =SUM(K68:K77) -> 0 | L78: =SUM(L68:L77) -> 0 | M78: =SUM(M68:M77) -> 0 | N78: =SUM(N68:N77) -> 0 | O78: =SUM(O68:O77) -> 0 | P78: =SUM(P68:P77) -> 0 | ... R78: =SUM(R68:R77) -> 0
A80: =#REF! -> #REF! | B80: =#REF! -> #REF! | C80: =#REF! -> #REF! | D80: Total Contra-tado | G80: TOTAL EXECU-TADO | H80: =H88 -> 724.68 | I80: =I88 -> 724.68
C81: m2 | D81: =#REF! -> #REF!
B82: Serviço executado . Ver Produto do serviço no Anexo 04-C da 3ª medição
B83: 1º Pavimento | C83: =#REF! -> #REF! | D83: 437.52 | G83: =D83 -> 437.52 | H83: =G83 -> 437.52 | I83: =H83 -> 437.52
B84: 2º Pavimento | C84: =#REF! -> #REF! | D84: 287.16 | G84: =D84 -> 287.16 | H84: =G84 -> 287.16 | I84: =H84 -> 287.16
B85: Nota: 1- Medição de Praxe = Área total construída do Projeto Excutivo de Arquitetura
B86: TOTAL | H86: =SUM(H83:H85) -> 724.68 | I86: =SUM(I83:I85) -> 724.68
A88: =#REF! -> #REF! | B88: =#REF! -> #REF! | C88: =#REF! -> #REF! | D88: Total Contra-tado | G88: TOTAL EXECU-TADO | H88: =H96 -> 724.68 | I88: =I96 -> 724.68
C89: m2 | D89: =#REF! -> #REF!
B90: Serviço executado . Ver Produto do serviço no Anexo 04-D da 3ª medição
B91: 1º Pavimento | C91: m2 | D91: 437.52 | G91: =D91 -> 437.52 | H91: =G91 -> 437.52 | I91: =H91 -> 437.52
B92: 2º Pavimento | C92: m2 | D92: 287.16 | G92: =D92 -> 287.16 | H92: =G92 -> 287.16 | I92: =H92 -> 287.16
B93: Nota: 1- Medição de Praxe = Área total construída do Projeto Excutivo de Arquitetura
B94: TOTAL | H94: =SUM(H91:H93) -> 724.68 | I94: =SUM(I91:I93) -> 724.68
A96: =#REF! -> #REF! | B96: =#REF! -> #REF! | C96: =#REF! -> #REF! | D96: Total Contra-tado | G96: TOTAL EXECU-TADO | H96: =H104 -> 724.68 | I96: =I104 -> 724.68
C97: m2 | D97: =#REF! -> #REF!
B98: Serviço executado . Ver Produto do serviço no Anexo 04-E da 3ª medição
B99: 1º Pavimento | C99: m2 | D99: 437.52 | G99: =D99 -> 437.52 | H99: =G99 -> 437.52 | I99: =H99 -> 437.52
B100: 2º Pavimento | C100: m2 | D100: 287.16 | G100: =D100 -> 287.16 | H100: =G100 -> 287.16 | I100: =H100 -> 287.16
B101: Nota: 1- Medição de Praxe = Área total construída do Projeto Excutivo de Arquitetura
B102: TOTAL | H102: =SUM(H99:H101) -> 724.68 | I102: =SUM(I99:I101) -> 724.68
A104: =#REF! -> #REF! | B104: =#REF! -> #REF! | C104: =#REF! -> #REF! | D104: Total Contra-tado | G104: TOTAL EXECU-TADO | H104: =H111 -> 724.68 | I104: =I111 -> 724.68
B105: Serviço executado . Ver Produto do serviço no Anexo 04-F da 3ª medição | C105: m2 | D105: =#REF! -> #REF!
B106: 1º Pavimento | C106: m2 | D106: 437.52 | G106: =D106 -> 437.52 | H106: =G106 -> 437.52 | I106: =H106 -> 437.52
B107: 2º Pavimento | C107: m2 | D107: 287.16 | G107: =D107 -> 287.16 | H107: =G107 -> 287.16 | I107: =H107 -> 287.16
B108: Nota: 1- Medição de Praxe = Área total construída do Projeto Executivo de Arquitetura
B109: TOTAL | H109: =SUM(H106:H108) -> 724.68 | I109: =SUM(I106:I108) -> 724.68
A111: =#REF! -> #REF! | B111: =#REF! -> #REF! | C111: =#REF! -> #REF! | D111: Total Contra-tado | G111: TOTAL EXECU-TADO | H111: =H117 -> 724.68 | I111: =I117 -> 724.68
C112: m2 | D112: =#REF! -> #REF!
B113: Serviço executado . Ver Produto do serviço no Anexo 04-G da 3ª medição
B114: 1º Pavimento | C114: m2 | D114: 437.52 | G114: =D114 -> 437.52 | H114: =G114 -> 437.52 | I114: =H114 -> 437.52
B115: 2º Pavimento | C115: m2 | D115: 287.16 | G115: =D115 -> 287.16 | H115: =G115 -> 287.16 | I115: =H115 -> 287.16
B116: Nota: 1- Medição de Praxe = Área total construída do Projeto Executivo de Arquitetura
B117: TOTAL | H117: =SUM(H114:H116) -> 724.68 | I117: =SUM(I114:I116) -> 724.68
A119: =#REF! -> #REF! | B119: =#REF! -> #REF! | C119: =#REF! -> #REF! | D119: Total Contra-tado | E119: Projeto é composto de: | G119: TOTAL EXECU-TADO | H119: =H126 -> 262.512 | I119: =I126 -> 262.512
E120: Relatório de Análise de Risco do SPDA (60%) | F120: Projeto para implanta-ção do Sistema (40%)
...

Sheet Memoria 4
B1: GOVERNO DO ESTADO DO ESPÍRITO SANTO
B2: POLÍCIA CIVIL
B3: OBJETO: ELABORAÇÃO DE PROJETOS EXECUTIVOS DE REGULARIZAÇÃO E REFORMA DA 1ª DR VITÓRIA NO MUNICÍPIO DE VITÓRIA/ES - CONT Nº 100/2020 E TP Nº 001/2020
B4: CONTRATADA: DAN ENGENHARIA PROJETOS E CONSULTORIA LTDA.
A5: MEMÓRIA DE CÁLCULO - 4ª MEDIÇÃO (12/09/2021 A 31/10/2021)
A6: ITEM | B6: DESCRIÇÃO DO ÍTEM | C6: UND | D6: QUANTIDADE | H6: MEDIÇÃO 04 | J6: MEDIÇÃO 02 | K6: MEDIÇÃO 03 | L6: MEDIÇÃO 04
H7: No periodo | I7: Acumulado | J7: ACUMULADO | K7: ACUMULADO | L7: ACUMULADO
A8: =#REF! -> #REF! | B8: =#REF! -> #REF!
M9: TABELA PREÇOS 2021 - LABOR/DER-ES
A10: =#REF! -> #REF! | B10: =#REF! -> #REF! | C10: UND | D10: Área total a computar para fim de medição | E10: Arquitura (A) | G10: TOTAL EXECUTADO (A+B) (m²) | H10: =H18 -> 0 | I10: =I18 -> 724.68 | J10: =SUM(J17:J18) -> 0 | K10: =SUM(K17:K18) -> 0 | L10: =SUM(L17:L18) -> 0 | M10: Arquitura (50 %) | N10: Hidros-sanitário (10%) - Vist. c/ Parecer | O10: Elétrico (10%)- Vist. c/ Parecer | P10: Estrutural (20%)- Vist.a c/ Parecer
B11: Área construída da Edificação Existente | M11: 5.11 | N11: 2.23 | O11: 2.23 | P11: 0 | Q11: =SUM(M11:P11) -> 9.57
B12: Área Pavimento térreo (1º pavimento)= | C12: m² | D12: 437.52 | M12: =M11/Q11 -> 0.53396029 | N12: =N11/Q11 -> 0.23301985 | O12: =O11/Q11 -> 0.23301985 | P12: 0 | Q12: =SUM(M12:P12) -> 1
B13: Área Pavimento Superior (2º pavimento)= | C13: m² | D13: 287.16 | P13: 0 | Q13: =SUM(M13:P13) -> 0
B14: Total construída= | D14: =SUM(D12:D13) -> 724.68 | E14: =D14 -> 724.68 | G14: =E14 -> 724.68 | I14: =G14 -> 724.68
B15: Acumulado até a medição anterior (1ª medição) : | C15: m² | D15: 434.808 | E15: =D15 -> 434.808 | G15: =E15 -> 434.808 | M15: 4.55 | N15: 1.99 | O15: 1.99 | P15: 0 | Q15: =SUM(M15:P15) -> 8.53
B16: Medido na 2ª medição | C16: m² | D16: =D14-D15 -> 289.872 | E16: =E14-E15 -> 289.872 | G16: =E16 -> 289.872 | I16: =I14 -> 724.68
B17: Notas: 1- Área da edificação existente consta no levantamento de Arquitetura e Relatório de Vistoria de arquitetura (Anexo 01). Quantidade levantada através do levantamento de medidas efetuados no local e atráves do sistema de desenho em cad que fornece a área da arquitetura. 2- Produtos gerados: a) Levantamento cadastral de arquitetura - Anexo 01 b) Relatório de Vistoria de arquitetura - Anexo 02
B18: TOTAL | H18: =H16 -> 0 | I18: =I16 -> 724.68
A20: =#REF! -> #REF! | B20: =#REF! -> #REF! | C20: UND | D20: Total Contratado | G20: TOTAL EXECU-TADO | H20: =H24 -> 0 | I20: =I24 -> 0.2
B22: Serviço executado . Ver Produto do serviço no Anexo 02 da 1ª medição | C22: mês | D22: 0.2 | G22: 0.2 | I22: 0.2
B24: TOTAL | H24: =H22 -> 0 | I24: =I22 -> 0.2
A26: =#REF! -> #REF! | B26: =#REF! -> #REF! | C26: UND | D26: Total Contra-tado | G26: TOTAL EXECU-TADO | H26: =H30 -> 0 | I26: =I30 -> 1
B27: 3ª medição
B28: Serviço executado . Ver Produto do serviço no Anexo 04-A da 3ª medição | C28: =#REF! -> #REF! | D28: =#REF! -> #REF! | G28: 1 | I28: =G28 -> 1
B30: TOTAL | H30: =H28 -> 0 | I30: =I28 -> 1
A33: =#REF! -> #REF! | B33: =#REF! -> #REF! | C33: =#REF! -> #REF! | D33: Total Contra-tado | G33: TOTAL EXECU-TADO | H33: =H41 -> 0 | I33: =I41 -> 41.19
B35: Serviço executado . Ver Produto do serviço no Anexo 04-A da 3ª medição | C35: m | D35: =#REF! -> #REF!
B36: SP 01 | C36: m | G36: =10.14 -> 10.14 | I36: =G36 -> 10.14
B37: SP 02 | C37: m | G37: 11.54 | I37: =G37 -> 11.54
B38: SP 03 | C38: m | G38: 8.93 | I38: =G38 -> 8.93
B39: SP 04 | C39: m | G39: 10.58 | I39: =G39 -> 10.58
B41: TOTAL | H41: =SUM(H36:H40) -> 0 | I41: =SUM(I36:I40) -> 41.19
A43: =#REF! -> #REF! | B43: =#REF! -> #REF! | C43: UND | D43: Área total a computar para fim de medição | F43: Relat. Vistoria (Hidrossan., Inc, Elet/outros, Estrut, climat) - (B) | G43: TOTAL EXECUTADO (A+B) (m²) | H43: =H55 -> 0 | I43: =I53 -> 750
B45: Área construída da Edificação Existente | M45: 5.11 | N45: 2.23 | O45: 2.23 | P45: 0 | Q45: =SUM(M45:P45) -> 9.57
B46: Área Pavimento térreo (1º pavimento)= | C46: m² | D46: 437.52 | M46: =M45/Q45 -> 0.53396029 | N46: =N45/Q45 -> 0.23301985 | O46: =O45/Q45 -> 0.23301985 | P46: 0 | Q46: =SUM(M46:P46) -> 1
B47: Área Pavimento Superior (2º pavimento)= | C47: m² | D47: 287.16 | P47: 0 | Q47: =SUM(M47:P47) -> 0
B48: Total construída= | D48: =SUM(D46:D47) -> 724.68
B49: Área do compartimento reservatórios - Cobertura
B50: Área técnica de reservatórios não é computada no levantamento cadastral de arquitetura, mas tal área foi motivo de levantamento e vistorias/relatórios referente as instalações existentes (disciplinas complementares) = (6,05x 4,55 )=27,52m², além de ter sido efetuado o relatório sobre as instalações de ar condicionado. Medido para este item até o limite do quantitativo contratadode 750m² , resultando no quantitatvo de 25,32m². | C50: m² | D50: 25.32
B51: Total executado até a 2ª medição: | C51: m² | D51: =D50+D48 -> 750 | F51: =D51-E51 -> 750 | G51: =D51 -> 750 | M51: 4.55 | N51: 1.99 | O51: 1.99 | P51: 0 | Q51: =SUM(M51:P51) -> 8.53
B52: Acumulado até a medição anterior (1ª Medição): | D52: 0 | F52: 0 | G52: =E52+F52 -> 0
B53: Medir na 2ª medição | D53: =D51-D52 -> 750 | F53: =F51-F52 -> 750 | G53: =G51-G52 -> 750 | I53: =G53-H53 -> 750
B54: Notas: 1- Área da edificação existente consta no levantamento de Arquitetura (Anexo 01). Quantidade levantada através do levantamento de medidas efetuados no local e atráves do sistema de desenho em cad que fornece a área da arquitetura. A área do compartimento reservatório na cobertura é de (6,05x 4,55)=27,52m², Ver planta da cobertura ( Anexo 01), tendo sido medido para este item até o total previsto de quantitativo no item. 2- Produtos gerados e constam: Anexo 03 - Relatórios de Vistorias sobre a situação das instalações existentes referentes as seguintes disciplinas: a) Instalações hidrosanitárias e de combate a incendio: Anexo 3a b) Instalações Elétricas, de Cabeamento Estruturado, Alarme, CFTV e SPDA : Anexo 3b c) Estrutura da edificação: Anexo 3c d) Climatização: Anexo 3d
B55: TOTAL | H55: =H53 -> 0 | I55: =H55 -> 0
A57: =#REF! -> #REF! | B57: =#REF! -> #REF!
A59: =#REF! -> #REF! | B59: =#REF! -> #REF! | C59: =#REF! -> #REF! | D59: Total Contra-tado | G59: TOTAL EXECU-TADO | H59: =H65 -> 0 | I59: =I65 -> 724.68
C60: =#REF! -> #REF! | D60: =#REF! -> #REF!
B61: Serviço executado . Ver Produto do serviço no Anexo 04-B da 3ª medição
B62: 1º Pavimento | C62: =#REF! -> #REF! | D62: 437.52 | G62: =D62 -> 437.52 | I62: =G62 -> 437.52
B63: 2º Pavimento | C63: =#REF! -> #REF! | D63: 287.16 | G63: =D63 -> 287.16 | I63: =G63 -> 287.16
B64: Nota: 1- Medição de Praxe = Área total construída do Projeto Excutivo de Arquitetura
B65: TOTAL | H65: =SUM(H62:H64) -> 0 | I65: =SUM(I62:I64) -> 724.68 | J65: =SUM(J62:J64) -> 0 | K65: =SUM(K62:K64) -> 0 | L65: =SUM(L62:L64) -> 0 | M65: =SUM(M62:M64) -> 0 | N65: =SUM(N62:N64) -> 0 | O65: =SUM(O62:O64) -> 0 | ... R65: =SUM(R62:R64) -> 0
A67: =#REF! -> #REF! | B67: =#REF! -> #REF! | C67: =#REF! -> #REF! | D67: Total Contratado | G67: TOTAL EXECU-TADO | H67: =H78 -> 750 | I67: =I78 -> 724.68
B68: Serviço executado . Ver Produto do serviço no Anexo 3-A da 4ª medição | C68: m2 | D68: =#REF! -> #REF!
B69: Prédio da Delegacia
B70: Parte da edificação em um pavimento: 1º pavimento: | C70: m2 | D70: 437.52 | G70: =D70 -> 437.52 | H70: =G70 -> 437.52 | I70: =H70 -> 437.52
B71: Esta área da edificação necessitou ser totalmente redimensionada com uma nova estrutura de concreto armado e nova fundação. A parede frontal existente foi mantida porém esta recebendo reforço estrutural, sendo executado lajes de piso. Também está sendo projetado estrtura e fundação de lementos externos a edificação como: subestação, casa de lixo, muros e muretas, etc. Para a solução proposta foi necessário modelar todo o projeto da estrutura/fundação existente esta parte do prédio, efetuar investigações no local para verificar e comparar o projeto original da estrutura com a situação efetivamente executada, efetuar todo o cálculo estrutura na condição existente para avaliar a necessidade ou não dos reforços estruturais ou de nova estrtura e fundação. | G71: =D71 -> 0 | H71: =G71 -> 0
B72: Parte da edificação em dois pavimento: 1º e 2º Pavimento: | C72: m2 | D72: 287.16 | G72: =D72 -> 287.16 | H72: =G72 -> 287.16 | I72: =H72 -> 287.16
B73: Esta área da edificação existente necessitou de estudo e reavaliação de toda a estrutura de concreto armado, sendo efetuado reforços estruturais para receber as novas cargas de projeto dos ambientes cujos usos foram alterados (sobrecarga maior que o projeto original) , tais como:almoxarifados/arquivos, novos sanitários, etc. Também foram necessarios elaborar adequações e reforços estruturais envolvendo intervenções de projeto para aberuras de Shafts, furos em laje e vigas para passem de tubulações, e para solucionar problemas relacionados as deformações em peças estruturais que impactaram em trincas e manifestações patologicas de descolamentos de estrutura com alvenarias. Para a solução proposta foi necessário modelar todo o projeto da estrutura/fundação existente esta parte do prédio, efetuar investigações no local para verificar e comparar o projeto original da estrutura com a situação efetivamente executada, efetuar todo o cálculo estrutural na condição existente para avaliar a necessidade ou não dos reforços estruturais ou de nova estrutura e fundação. | G73: =D73 -> 0 | H73: =G73 -> 0
B74: Cobertura do 2º pavimento - área do reservatório (reforços de paredes e nova laje de apoio da area dos reservatórios), platibandas etc | D74: 25.32 | G74: =D74 -> 25.32 | H74: =G74 -> 25.32
B75: Área técnica de reservatórios que recebeu projeto de estrutura de concreto armado para nova laje de apoio dos reservátórios) = (6,05x 4,55 )=27,52m², além de ter sido executado o projeto de elemento como efetuado o relatório sobre as instalações de ar condicionado. Medido para este item até o limite do quantitativo contratadode 750m² , resultando no quantitatvo de 25,32m². | C75: m² | G75: =D75 -> 0 | H75: =G75 -> 0
B76: Total a medir | D76: =SUM(D70:D75) -> 750 | G76: =SUM(G70:G75) -> 750 | H76: =SUM(H70:H75) -> 750
B77: Nota: 1- Medição de Praxe = Área da edificação que foi totalmente modelada e redimensionada para efetuar os reforço em estrtura de concreto armado e de novas estruturas de concreto armado.
B78: TOTAL | H78: =SUM(H70:H75) -> 750 | I78: =SUM(I68:I77) -> 724.68 | J78: =SUM(J68:J77) -> 0 | K78: =SUM(K68:K77) -> 0 | L78: =SUM(L68:L77) -> 0 | M78: =SUM(M68:M77) -> 0 | N78: =SUM(N68:N77) -> 0 | O78: =SUM(O68:O77) -> 0 | P78: =SUM(P68:P77) -> 0 | ... R78: =SUM(R68:R77) -> 0
A80: =#REF! -> #REF! | B80: =#REF! -> #REF! | C80: =#REF! -> #REF! | D80: Total Contra-tado | G80: TOTAL EXECU-TADO | H80: =H88 -> 0 | I80: =I88 -> 724.68
C81: m2 | D81: =#REF! -> #REF!
B82: Serviço executado . Ver Produto do serviço no Anexo 04-C da 3ª medição
B83: 1º Pavimento | C83: =#REF! -> #REF! | D83: 437.52 | G83: =D83 -> 437.52 | I83: =G83 -> 437.52
B84: 2º Pavimento | C84: =#REF! -> #REF! | D84: 287.16 | G84: =D84 -> 287.16 | I84: =G84 -> 287.16
B85: Nota: 1- Medição de Praxe = Área total construída do Projeto Excutivo de Arquitetura
B86: TOTAL | H86: =SUM(H83:H85) -> 0 | I86: =SUM(I83:I85) -> 724.68
A88: =#REF! -> #REF! | B88: =#REF! -> #REF! | C88: =#REF! -> #REF! | D88: Total Contra-tado | G88: TOTAL EXECU-TADO | H88: =H94 -> 0 | I88: =I94:R94 -> 724.68
C89: m2 | D89: =#REF! -> #REF!
B90: Serviço executado . Ver Produto do serviço no Anexo 04-D da 3ª medição
B91: 1º Pavimento | C91: m2 | D91: 437.52 | G91: =D91 -> 437.52 | I91: =G91 -> 437.52
B92: 2º Pavimento | C92: m2 | D92: 287.16 | G92: =D92 -> 287.16 | I92: =G92 -> 287.16
B93: Nota: 1- Medição de Praxe = Área total construída do Projeto Excutivo de Arquitetura
B94: TOTAL | H94: =SUM(H91:H93) -> 0 | I94: =SUM(I91:I93) -> 724.68
A96: =#REF! -> #REF! | B96: =#REF! -> #REF! | C96: =#REF! -> #REF! | D96: Total Contra-tado | G96: TOTAL EXECU-TADO | H96: =H102 -> 0 | I96: =I102:R102 -> 724.68
C97: m2 | D97: =#REF! -> #REF!
B98: Serviço executado . Ver Produto do serviço no Anexo 04-E da 3ª medição
B99: 1º Pavimento | C99: m2 | D99: 437.52 | G99: =D99 -> 437.52 | I99: =G99 -> 437.52
B100: 2º Pavimento | C100: m2 | D100: 287.16 | G100: =D100 -> 287.16 | I100: =G100 -> 287.16
B101: Nota: 1- Medição de Praxe = Área total construída do Projeto Excutivo de Arquitetura
B102: TOTAL | H102: =SUM(H99:H101) -> 0 | I102: =SUM(I99:I101) -> 724.68
A104: =#REF! -> #REF! | B104: =#REF! -> #REF! | C104: =#REF! -> #REF! | D104: Total Contra-tado | G104: TOTAL EXECU-TADO | H104: =H110 -> 0 | I104: =I110:R110 -> 724.68
B106: Serviço executado . Ver Produto do serviço no Anexo 04-F da 3ª medição | C106: m2 | D106: =#REF! -> #REF!
B107: 1º Pavimento | C107: m2 | D107: 437.52 | G107: =D107 -> 437.52 | I107: =G107 -> 437.52
B108: 2º Pavimento | C108: m2 | D108: 287.16 | G108: =D108 -> 287.16 | I108: =G108 -> 287.16
B109: Nota: 1- Medição de Praxe = Área total construída do Projeto Executivo de Arquitetura
B110: TOTAL | H110: =SUM(H107:H109) -> 0 | I110: =SUM(I107:I109) -> 724.68
A112: =#REF! -> #REF! | B112: =#REF! -> #REF! | C112: =#REF! -> #REF! | D112: Total Contra-tado | G112: TOTAL EXECU-TADO | H112: =H118 -> 0 | I112: =I118:R118 -> 724.68
C113: m2 | D113: =#REF! -> #REF!
B114: Serviço executado . Ver Produto do serviço no Anexo 04-G da 3ª medição
B115: 1º Pavimento | C115: m2 | D115: 437.52 | G115: =D115 -> 437.52 | I115: =G115 -> 437.52
B116: 2º Pavimento | C116: m2 | D116: 287.16 | G116: =D116 -> 287.16 | I116: =G116 -> 287.16
B117: Nota: 1- Medição de Praxe = Área total construída do Projeto Executivo de Arquitetura
B118: TOTAL | H118: =SUM(H115:H117) -> 0 | I118: =SUM(I115:I117) -> 724.68
A120: =#REF! -> #REF! | B120: =#REF! -> #REF! | C120: =#REF! -> #REF! | D120: Total Contra-tado | E120: Projeto é composto de: | G120: TOTAL EXECU-TADO | H120: =H127 -> 0 | I120: =I127 -> 262.512
E121: Relatório de Análise de Risco do SPDA (60%) | F121: Projeto para implanta-ção do Sistema (40%)
...

Sheet contagem prazo
B1: DATA | C1: PRAZO EXECUÇÃO (DIAS) | D1: PRAZO VIGÊNCIA(DIAS)
A2: O INÍCIO | B2: 44210 | C2: 360
D3: =C2+180 -> 540
C4: =B2+C2 -> 44570 | D4: =B2+D3 -> 44750
